Workbook
Name addlogo: INDEX(#REF!,MATCH(#REF!,#REF!,0))
Name DKCO: #REF!
Name DKNO: #REF!
Name Donvi: #REF!
Name LM: #REF!
Name LN: #REF!
Name Taikhoan: #REF!
Name TaxTV: 10%
Name TaxXL: 5%
Name TK_BS: #REF!
Name TK_PL: #REF!
Name TK_TB: #REF!
Name TKBS: #REF!
Name Ý_kiến: #REF!
Name YKien: #REF!
Name ZYX: #REF!
Name ZZZ: #REF!

Sheet Tong quat
A1: Kỳ báo cáo: | C1: Tại ngày 30 tháng 09 năm 2026/As at September 30 2026
C2: Tháng 09 năm 2026/ September 2026
A4: Thông tin chung:
C5: Tên Quỹ: | D5: Quỹ đầu tư trái phiếu lợi tức cao HD
C6: Fund name: | D6: HD High Yield Bond Fund (HDBond)
C7: Tên Công ty quản lý quỹ: | D7: Công Ty Cổ Phần Quản Lý Quỹ HD
C8: Fund Management Company: | D8: HD Capital Joint Stock Company
C9: Tên ngân hàng giám sát: | D9: Ngân hàng TMCP Đầu tư và Phát triển Việt Nam CN Nam Kỳ Khởi Nghĩa
C10: Supervising bank: | D10: Bank for Investment and Development of VietNam JSC - Nam Ky Khoi Nghia Branch
C11: Ngày lập báo cáo: | D11: Ngày 06 tháng 10 năm 2026
C12: Reporting Date: | D12: 46301
A14: Người ký báo cáo:
C16: Đại diện có thẩm quyền của Ngân hàng giám sát | F16: Đại diện có thẩm quyền của Công ty quản lý Quỹ
C17: Authorised Representative of Supervisory Bank | F17: Authorised Representative of Fund Management Company
C19: NH TMCP ĐT & PT Việt Nam CN Nam Kỳ Khởi Nghĩa | F19: Công Ty Cổ Phần Quản Lý Quỹ HD
C20: Nguyễn Thị Minh Châu | F20: Nguyễn Thành Long
C21: Phó giám đốc Chi nhánh | F21: Tổng Giám Đốc
B27: STT | C27: Nội dung | E27: Tên sheet
B28: A | C28: BÁO CÁO CHUNG VỀ HOẠT ĐỘNG ĐẦU TƯ CỦA QUỸ
B29: 1 | C29: Báo cáo thu nhập | E29: BCThuNhap_06203
B30: 2 | C30: Báo cáo tình hình tài chính | E30: BCTinhHinhTaiChinh_06105
B31: 3 | C31: Báo cáo lưu chuyển tiền tệ | E31: BCLCGT_06262
B32: 4 | C32: Báo cáo tài sản | E32: BCTaiSan_06027
B33: 5 | C33: Baó cáo Kết quả hoạt động | E33: BCKetQuaHoatDong_06028
B34: 6 | C34: Baáo cáo Danh mục đầu tư | E34: BCDanhmucdautu_06029
B35: 7 | C35: Giá trị tài sản ròng | E35: GiaTriTaiSanRong_06129
B36: 8 | C36: Báo cáo hoạt động vay | E36: Bchoatdongvay_06026
B37: 9 | C37: Báo cáo chỉ tiêu khác | E37: Khac_06030
B38: 10 | C38: Thống kê phí giao dịch
B39: B | C39: BÁO CÁO TÌNH HÌNH TỰ DOANH ĐẦU TƯ GIÁN TIẾP RA NƯỚC NGOÀI CỦA QUỸ | E39: Không có
B42: Thống kê các Thuyết minh BCTC
D44: Có trình bày Y/N/O | E44: Nguyên nhân không trình bày
B45: 1/ | C45: Tiền gửi Ngân hàng | D45: Y
B46: 2/ | C46: Các khoản đầu tư | D46: Y
B47: 3/ | C47: Các khoản dự phòng | D47: O | E47: Chỉ có VF1 trình bày, các Quỹ khác không có khoản mục này không phải trình bày
B48: 4/ | C48: Vay ngắn hạn | D48: N | E48: Không có số dư không trình bày
B49: 5/ | C49: Phải trả mua các khoản đầu tư | D49: N | E49: Không có số dư không trình bày
B50: 6/ | C50: Phải trả các Đại lý phân phối, Công ty Quản lý quỹ về phí phát hành và mua lại Chứng chỉ quỹ | D50: N | E50: Trên báo cáo chính đã chi tiết theo từng khoản mục
B51: 7/ | C51: Thuế và các khoản phải nộp Nhà nước | D51: N | E51: Không bắt buộc, Quỹ chỉ có khoản mục thuế từ hoạt động mua bán CCQ và Thù lao BDD
B52: 8/ | C52: Phải trả thu nhập cho Nhà đầu tư | D52: N | E52: Quỹ nào có chia cổ tức mới trình bày
B53: 9/ | C53: Chi phí phải trả | D53: N | E53: Trên báo cáo chính đã chi tiết theo từng khoản mục
B54: 10/ | C54: Phải trả dịch vụ quản lý quỹ | D54: N | E54: Trên báo cáo chính đã chi tiết theo từng khoản mục
B55: 11/ | C55: Phải trả, phải nộp khác | D55: Y | E55: Chi tiết theo nature khoản mục của từng quỹ
B56: 12/ | C56: Tình hình biến động vốn chủ sở hữu | D56: Y
B57: 13/ | C57: Lợi nhuận chưa phân phối | D57: Y
B58: 14/ | C58: Lãi, lỗ bán các khoản đầu tư | D58: Y | E58: Tính toán lại dựa trên Báo cáo Sale and Purchase Report, checking với cân đối
B59: 15/ | C59: Chênh lệch đánh giá lại các khoản đầu tư | D59: Y | E59: Dựa trên báo cáo Portfolio Valuation
B60: 16/ | C60: Doanh thu hoạt động đầu tư | D60: Y
B61: 17/ | C61: Chi phí giao dịch mua các khoản đầu tư | D61: N | E61: Hệ thống ko support nhặt số liệu báo cáo này
B62: 18/ | C62: Chi phí giao dịch bán các khoản đầu tư | D62: N | E62: Hệ thống ko support nhặt số liệu báo cáo này
B63: 19/ | C63: Chi phí đầu tư | D63: N | E63: Trên báo cáo chính đã chi tiết theo từng khoản mục
B64: 20/ | C64: Chi phí quản lý Quỹ mở | D64: N | E64: Trên báo cáo chính đã chi tiết theo từng khoản mục
B65: 21/ | C65: Thuyết minh về giá trị tài sản ròng | D65: Y | E65: Thống kê theo từng kỳ NAV
B66: 22/ | C66: Thuyết minh về danh mục các khoản đầu tư | D66: N | E66: Báo cáo theo thông tư 183 đã có thông tin
B67: 23/ | C67: Thuyết minh về các Tài khoản loại 0 | D67: N | E67: Không coó
B68: 24/ | C68: Những thông tin khác | D68: N | E68: Không bắt buộc trình bày

Sheet BCThuNhap_06203
A1: Mẫu số B01g - QM. Báo cáo thu nhập Template B01g - QM. Statement of Comprehensive Income
A2: (Ban hành kèm theo Thông tư 198/2012/TT-BTC ngày 15 tháng 11 năm 2012 về chế độ kế toán áp dụng đối với quỹ mở) (Issued in association with Circular 198/2012/TT-BTC dated 15 Nov 2012 on the Accounting Policies for Open-Ended Fund)
A3: BÁO CÁO THU NHẬP STATEMENT OF COMPREHENSIVE INCOME
A5: Tháng 09 năm 2026/ September 2026
A7: Tên Quỹ: | B7: Quỹ đầu tư trái phiếu lợi tức cao HD
A8: Fund name: | B8: HD High Yield Bond Fund (HDBond)
A9: Tên Công ty quản lý quỹ: | B9: Công Ty Cổ Phần Quản Lý Quỹ HD
A10: Fund Management Company: | B10: HD Capital Joint Stock Company
A11: Tên ngân hàng giám sát: | B11: Ngân hàng TMCP Đầu tư và Phát triển Việt Nam Chi nhánh Nam Kỳ Khởi Nghĩa
A12: Supervising bank: | B12: Bank for Investment and Development of VietNam JSC - Nam Ky Khoi Nghia Branch
A13: Ngày lập báo cáo: | B13: Ngày 06 tháng 10 năm 2026
A14: Reporting Date: | B14: 46301
A16: Chỉ tiêu Indicator | B16: Mã số Code | C16: Thuyết minh Note | D16: Năm 2026 Year 2026 | F16: Năm 2025 Year 2025
D17: Tháng 09 năm 2026 September 2026 | E17: Số lũy kế Year-to-date | F17: Tháng 09 năm 2025 September 2025 | G17: Số lũy kế Year-to-date
A18: I. THU NHẬP, DOANH THU HOẠT ĐỘNG ĐẦU TƯ Investment income | B18: 01 | D18: -530784065 | E18: 548726003 | F18: 263148560 | G18: 3815857669
A19: 1.1. Cổ tức, trái tức được chia Dividend, bond interest received | B19: 02 | D19: 334946294 | E19: 3348066789 | F19: 354556710 | G19: 2599274399
A20: Cổ tức được nhận Dividend received | B20: 02.1 | D20: 0 | E20: 118000000 | F20: 30000000 | G20: 92000000
A21: Trái tức được nhận Coupon received | B21: 02.2 | D21: 334946294 | E21: 3230066789 | F21: 324556710 | G21: 2507274399
A22: 1.2. Tiền lãi được nhận Interest income | B22: 03 | D22: 2797897 | E22: 23264710 | F22: 2589348 | G22: 395737132
A23: Tiền lãi tiền gửi được nhận Bank Deposit Interest received | B23: 03.1 | D23: 2797897 | E23: 23264710 | F23: 2589348 | G23: 6801514
A24: Lãi chứng chỉ tiền gửi Interest income from Certificate of Deposit | B24: 03.2 | D24: 0 | E24: 0 | F24: 0 | G24: 388935618
A25: 1.3. Lãi (lỗ) bán các khoản đầu tư Realized gain (losses) from disposal investments | B25: 04 | D25: 0 | E25: 176139983 | F25: 10600000 | G25: 328704732
A26: 1.4. Chênh lệch tăng, giảm đánh giá lại các khoản đầu tư chưa thực hiện Unrealized gain (losses) from investment revaluation | B26: 05 | D26: -868528256 | E26: -2998745479 | F26: -104597498 | G26: 492141406
A27: 1.5. Doanh thu khác Other income | B27: 06 | D27: 0 | E27: 0 | F27: 0 | G27: 0
A28: 1.6. Chênh lệch lãi, lỗ tỷ giá hối đoái đã và chưa thực hiện Realized and unrealized gain (losses) from foreign exchange | B28: 07 | D28: 0 | E28: 0 | F28: 0 | G28: 0
A29: 1.7. Doanh thu khác về đầu tư Other investment income | B29: 08 | D29: 0 | E29: 0 | F29: 0 | G29: 0
... A32: 2.1. Chi phí giao dịch mua, bán các khoản đầu tư Expense for purchasing and selling investments | B32: 11 | D32: 0 | E32: 3362863 | F32: 4617000 | G32: 54459925
A33: Phí môi giới Brokerage fee | B33: 11.1 | D33: 0 | E33: 3362863 | F33: 4617000 | G33: 54459925
A34: Chi phí thanh toán bù trừ Clearing settlement fee | B34: 11.2 | D34: 0 | E34: 0 | F34: 0 | G34: 0
A35: 2.2. Chi phí dự phòng nợ phải thu khó đòi và xử lý tổn thất phải thu khó đòi Provision expense | B35: 12 | D35: 0 | E35: 0 | F35: 0 | G35: 0
A36: 2.3. Chi phí lãi vay Borrowing interest expense | B36: 13 | D36: 0 | E36: 0 | F36: 0 | G36: 0
A37: 2.4. Chi phí dự phòng giảm giá tài sản nhận thế chấp và xử lý tổn thất các khoản đầu tư cho vay có tài sản nhận thế chấp Impairment expense for devaluation of assets received as pledge | B37: 14 | D37: 0 | E37: 0 | F37: 0 | G37: 0
A38: 2.5. Chi phí đầu tư khác Other investments expense | B38: 15 | D38: 0 | E38: 0 | F38: 0 | G38: 0
A39: III. CHI PHÍ HOẠT ĐỘNG CỦA QUỸ OPERATING EXPENSE | B39: 20 | D39: 109763072 | E39: 998360963 | F39: 109459158 | G39: 976059347
A40: 3.1. Phí quản lý Quỹ mở Management fee | B40: 20.1 | D40: 42242125 | E40: 386711953 | F40: 41556773 | G40: 371267685
A41: 3.2. Phí dịch vụ lưu ký tài sản Quỹ mở Custodian fee | B41: 20.2 | D41: 15188227 | E41: 137224152 | F41: 16078579 | G41: 140665020
A42: Phí dịch vụ lưu ký - bảo quản tài sản Custodian service - Custody Fee | B42: 20.2.1 | D42: 15000000 | E42: 135000000 | F42: 15000000 | G42: 136403226
A43: Phí dịch vụ lưu ký - giao dịch chứng khoán Custodian service - Transaction fee | B43: 20.2.2 | D43: 0 | E43: 700000 | F43: 900000 | G43: 3010000
A44: Phí dịch vụ lưu ký - phí VSDC Custodian service - VSDC fee | B44: 20.2.3 | D44: 188227 | E44: 1524152 | F44: 178579 | G44: 1251794
A45: 3.3. Phí dịch vụ giám sát Supervising fee | B45: 20.3 | D45: 5500000 | E45: 49500000 | F45: 5500000 | G45: 49500000
A46: 3.4. Phí dịch vụ quản trị Quỹ mở Fund administrative fee | B46: 20.4 | D46: 16500000 | E46: 148500000 | F46: 16500000 | G46: 148500000
... A71: 6.2. Lợi nhận/(lỗ) chưa thực hiện Unrealized profit (losses) | B71: 32 | D71: -868528256 | E71: -2998745479 | F71: -104597498 | G71: 492141406
A72: VII. CHI PHÍ THUẾ TNDN CORPORATE INCOME TAX | B72: 40
A73: VIII. LỢI NHUẬN KẾ TOÁN SAU THUẾ TNDN PROFIT AFTER TAX (41=30-40) | B73: 41 | D73: -640547137 | E73: -452997823 | F73: 149072402 | G73: 2785338397
A77: Công Ty Cổ Phần Quản Lý Quỹ HD
A80: Người lập | E80: Người duyệt
A91: Lê Thị Huỳnh Như | D91: Lê Thị Huỳnh Như | F91: Nguyễn Thành Long
A92: Phụ trách Kế toán | D92: Phụ trách Kế toán | F92: Tổng Giám Đốc

Sheet BCTinhHinhTaiChinh_06105
A1: Mẫu số B02g - QM. Báo cáo tình hình tài chính Template B02g - QM. Statement of Financial Position
A2: (Ban hành kèm theo Thông tư 198/2012/TT-BTC ngày 15 tháng 11 năm 2012 về chế độ kế toán áp dụng đối với quỹ mở) (Issued in association with Circular 198/2012/TT-BTC dated 15 Nov 2012 on the Accounting Policies for Open-Ended Fund)
A3: BÁO CÁO TÌNH HÌNH TÀI CHÍNH STATEMENT OF FINANCIAL POSITION
A5: Tại ngày 30 tháng 09 năm 2026/As at September 30 2026
A7: Tên Quỹ: | B7: Quỹ đầu tư trái phiếu lợi tức cao HD
A8: Fund name: | B8: HD High Yield Bond Fund (HDBond)
A9: Tên Công ty quản lý quỹ: | B9: Công Ty Cổ Phần Quản Lý Quỹ HD
A10: Fund Management Company: | B10: HD Capital Joint Stock Company
A11: Tên ngân hàng giám sát: | B11: Ngân hàng TMCP Đầu tư và Phát triển Việt Nam Chi nhánh Nam Kỳ Khởi Nghĩa
A12: Supervising bank: | B12: Bank for Investment and Development of VietNam JSC - Nam Ky Khoi Nghia Branch
A13: Ngày lập báo cáo: | B13: Ngày 06 tháng 10 năm 2026
A14: Reporting Date: | B14: 46301
A16: Chỉ tiêu Indicator | B16: Mã số Code | C16: Thuyết minh Note | D16: Ngày 30 tháng 09 năm 2026 As at September 30 2026 | E16: Ngày 31 tháng 08 năm 2026 As at August 31 2026 | I16: Ngày 28 tháng 02 năm 2019 As at 28 February 2019
A17: I. TÀI SẢN ASSETS
A18: 1.Tiền gửi ngân hàng và tương đương tiền Cash at bank and cash equivalent | B18: 110 | D18: 7101751281 | E18: 6994009457 | I18: 29799258648 | J18: 729768413
A19: 1.1. Tiền gửi ngân hàng cho hoạt động của Quỹ mở Cash at bank for Fund's operation | B19: 111 | D19: 401751281 | E19: 294009457 | I19: 9361428215 | J19: 611101479
A20: Tiền gửi của nhà đầu tư cho hoạt động mua chứng chỉ quỹ Cash at bank for Fund's subscription | B20: 111.1 | D20: 12966627 | E20: 23959660
A21: Tiền phải trả cho Nhà đầu tư về mua lại chứng chỉ quỹ Cash at bank for Fund's redemption | B21: 111.2 | D21: 6128199 | E21: 6037760
A22: Tiền gửi ngân hàng cho hoạt động của Quỹ Cash at bank for Fund's operation | B22: 111.3 | D22: 382656455 | E22: 264012037
A23: 1.2. Tiền gửi có kỳ hạn dưới 3 tháng Term deposit less than 3 months | B23: 112 | D23: 6700000000 | E23: 6700000000 | I23: 20437830433 | J23: 118666934
A24: 2. Các khoản đầu tư thuần Investment | B24: 120 | D24: 46507785019 | E24: 47376313275 | I24: 46113652000 | J24: -267466000
A25: 2.1. Các khoản đầu tư Investments | B25: 121 | D25: 46507785019 | E25: 47376313275 | I25: 46113652000 | J25: -267466000
A26: Cổ phiếu niêm yết Listed shares | B26: 121.1 | D26: 6447943000 | E26: 6849207500 | I26: 43113652000 | J26: -267466000
A27: Cổ phiếu chưa niêm yết Unlisted shares | B27: 121.2 | D27: 0 | E27: 0 | I27: 0
A28: Trái phiếu Bonds | B28: 121.3 | D28: 40059842019 | E28: 40527105775 | I28: 0 | J28: 0
A29: Hợp đồng tiền gửi có kỳ hạn trên ba (03) tháng Deposit with term over three (03) months | B29: 121.4 | D29: 0 | E29: 0 | I29: 3000000000 | J29: 0
A30: Chứng chỉ tiền gửi ghi danh Registered Deposit Certificate | B30: 121.5 | D30: 0 | E30: 0 | I30: 0 | J30: 0
A31: Quyền mua chứng khoán Investments - Rights | B31: 121.6 | D31: 0 | E31: 0 | I31: 0 | J31: 0
A32: 2.2. Dự phòng giảm giá tài sản nhận thế chấp Impairment of devaluation of assets as pledge | B32: 122 | D32: 0 | E32: 0 | I32: 0 | J32: 0
A33: 3. Các khoản phải thu Receivables | B33: 130 | D33: 423461878 | E33: 473009855 | I33: 473787186 | J33: -61449754
A34: 3.1 Phải thu về bán các khoản đầu tư Receivables from investments sold but not yet settled | B34: 131 | D34: 0 | E34: 0 | I34: 285571000 | J34: -58238511
A35: 3.2. Phải thu và dự thu cổ tức, tiền lãi các khoản đầu tư Dividend and interest receivables | B35: 133 | D35: 423461878 | E35: 473009855 | I35: 188216186 | J35: -3211243
A36: Phải thu cổ tức, tiền lãi đến ngày nhận Dividend and interest receivables | B36: 134 | D36: 0 | E36: 0 | I36: 0 | J36: 0
A37: Trong đó: Phải thu khó đòi về cổ tức, tiền lãi đến ngày nhận nhưng chưa nhận được In which: Overdue receivables from dividend, interest income | B37: 135 | D37: 0 | E37: 0 | J37: 0
A38: Dự thu cổ tức, tiền lãi chưa đến ngày nhận Accrual dividend, interest income | B38: 136 | D38: 423461878 | E38: 473009855 | I38: 188216186 | J38: -3211243
A39: Phải thu cổ tức Dividend receivable | B39: 136.1 | D39: 0 | E39: 93000000 | I39: 0 | J39: 0
A40: Phải thu lãi tiền gửi có kỳ hạn Interest receivable from term deposit | B40: 136.2 | D40: 550685 | E40: 367123 | I40: 188216186 | J40: -3211243
A41: Phải thu lãi chứng chỉ tiền gửi ghi danh Interest receivable from registered Deposit Certificate | B41: 136.3 | D41: 0 | E41: 0 | I41: 0 | J41: 0
A42: Phải thu trái tức Coupond receivable | B42: 136.4 | D42: 422911193 | E42: 379642732 | I42: 0 | J42: 0
A43: Phải thu lãi hợp đồng mua lại đảo ngược Interest receivable from reverse repo contract | B43: 136.5 | D43: 0 | E43: 0 | I43: 0 | J43: 0
A44: 3.3. Các khoản phải thu khác Other receivables | B44: 137 | D44: 0 | E44: 0 | I44: 0 | J44: 0
A45: 3.4. Dự phòng nợ phải thu khó đòi Provision for doubtful debt | B45: 138 | D45: 0 | E45: 0 | I45: 0 | J45: 0 | M45: checking
A46: TỔNG TÀI SẢN TOTAL ASSETS | B46: 100 | D46: 54032998178 | E46: 54843332587 | G46: 0 | H46: 0 | I46: 76386697834 | J46: 400852659 | M46: 77161857907 | N46: 76787550493
A47: II. NỢ PHẢI TRẢ TOTAL LIABILITIES | B47: II | D47: 0 | E47: 0 | J47: 0 | M47: 0 | N47: 0
A48: 1. Vay ngắn hạn - hợp đồng repo Shorterm loans - Repo | B48: 311 | D48: 0 | E48: 0 | I48: 0 | J48: 0
A49: 2. Phải trả về mua các khoản đầu tư Payables for securities bought but not yet settled | B49: 312 | D49: 0 | E49: 0 | I49: 1491333650 | J49: -1427738400
A50: 3. Phải trả phí cho các Đại lý phân phối, Công ty quản lý quỹ về mua bán Chứng chỉ quỹ Subscription and Redemption fee payable to distributors and fund management company | B50: 313 | D50: 498693 | E50: 424499 | I50: 0 | J50: 250000
A51: 4. Thuế và các khoản phải nộp Nhà nước Tax payables and obligations to the State Budget | B51: 314 | D51: 183252 | E51: 142223 | I51: 0 | J51: 0
A52: 5.Phải trả thu nhập cho Nhà đầu tư Profit distribution payables | B52: 315 | D52: 0 | E52: 0 | I52: 0 | J52: 0
A53: 6. Chi phí phải trả Expense Accuals | B53: 316 | D53: 23731598 | E53: 104928378 | I53: 95797260 | J53: 15591781
A54: Trích trước phí môi giới Expense accruals - Brokerage fee | B54: 316.1 | D54: 0 | E54: 0 | I54: 0 | J54: 0
A55: Trích trước phí kiểm toán Expense accruals- Audit fee | B55: 316.2 | D55: 6731586 | E55: 93471851 | I55: 82780822 | J55: 9342466
A56: Trích trước phí họp đại hội thường niên Expense accruals - Annual General meeting | B56: 316.3 | D56: 0 | E56: 0 | I56: 0 | J56: 0
A57: Trích trước phí báo cáo thường niên Expense accruals for Annual report | B57: 316.4 | D57: 0 | E57: 0 | I57: 0 | J57: 0
A58: Trích trước thù lao ban đại diện quỹ Expense accruals - Remuneration Payable to Fund's Board of Representatives | B58: 316.5 | D58: 17000012 | E58: 11456527 | I58: 11400000 | J58: 5400000
A59: Trích trước phí công tác, họp của ban đại diện Expense accruals for Fund's Board of Representatives travelling, meeting | B59: 316.6 | D59: 0 | E59: 0 | I59: 0 | J59: 0
A60: Trích trước phí quản lý thường niên Expense accruals for Annual Fee | B60: 316.7 | D60: 0 | E60: 0 | I60: 1616438 | J60: 849315
A61: 7. Phải trả cho Nhà đầu tư về mua Chứng chỉ quỹ Subscription Suspense Payable | B61: 317 | D61: 12966627 | E61: 23959660 | I61: 0 | J61: 0
A62: 8. Phải trả cho Nhà đầu tư về mua lại Chứng chỉ quỹ Redemption payable | B62: 318 | D62: 6128199 | E62: 6037760 | I62: 0 | J62: 0
A63: 9. Phải trả dịch vụ quản lý Quỹ mở Fund management related service expense payable | B63: 319 | D63: 92442125 | E63: 93749360 | I63: 109626433 | J63: 8751876
A64: Trích trước phải trả phí quản lý Expense accruals for Management fee | B64: 319.1 | D64: 42242125 | E64: 43549360 | I64: 51431433 | J64: 6801876
A65: Trích trước phí lưu ký tài sản Expense accruals for Custodian fee | B65: 319.2 | D65: 15000000 | E65: 15000000 | I65: 10750000 | J65: 0
A66: Trích trước phí quản trị quỹ Expense accruals for Fund administration fee | B66: 319.3 | D66: 16500000 | E66: 16500000 | I66: 11180000 | J66: 0
A67: Trích trước phí giám sát Expense accruals for Supervising fee | B67: 319.4 | D67: 5500000 | E67: 5500000 | I67: 19565000 | J67: 0
A68: Trích trước phí dịch vụ đại lý chuyển nhượng Expense accruals for Tranfer agency fee | B68: 319.5 | D68: 13200000 | E68: 13200000 | I68: 11000000 | J68: 0
A69: Phải trả phí giao dịch Accruals of Transaction Fee | B69: 319.6 | D69: 0 | E69: 0 | I69: 5700000 | J69: 1950000
A70: Phải trả phí giao dịch thanh toán bù trừ chứng khoán Accruals of Clearing Settlement Fee | B70: 319.7 | D70: 0 | E70: 0 | I70: 0 | J70: 0
A71: 10. Phải trả, phải nộp khác Other payables | B71: 320 | D71: 0 | E71: 0 | I71: 0 | J71: 0
A72: TỔNG NỢ PHẢI TRẢ TOTAL LIABILITIES | B72: 300 | D72: 135950494 | E72: 229241880 | G72: Check | I72: 1696757343 | J72: -1403144743 | M72: 190555733 | N72: 293612600
A73: III. GIÁ TRỊ TÀI SẢN RÒNG CÓ THỂ PHÂN PHỐI CHO NHÀ ĐẦU TƯ NẮM GIỮ CHỨNG CHỈ QUỸ MỞ (I-II) DISTRIBUTABLE NET ASSET VALUE (I-II) | B73: 400 | D73: 53897047684 | E73: 54614090707 | G73: 0 | H73: 0 | I73: 74689940491 | J73: 1803997402 | M73: 0 | N73: 0
A74: 1. Vốn góp của Nhà đầu tư Paid up capital | B74: 411 | D74: 44365076000 | E74: 44427802200 | I74: 63515455252 | J74: 41425800 | M74: 76971302174 | N74: 76493937893
A75: 1.1 Vốn góp phát hành Capital from subscription | B75: 412 | D75: 64583255600 | E75: 64487938100 | G75: 0 | H75: 0 | I75: 67944463052 | J75: 41425800 | M75: 0 | N75: 0
A76: 1.2 Vốn góp mua lại Capital from redeemption | B76: 413 | D76: -20218179600 | E76: -20060135900 | I76: -4429007800 | J76: 0
A77: 2. Thặng dư vốn góp của Nhà đầu tư Share premium | B77: 414 | D77: -933415275 | E77: -919645589 | I77: 1028209345 | J77: 8324200 | M77: 76971302174 | N77: 76493937893
A78: 3. Lợi nhuận chưa phân phối Undistributed earnings | B78: 420 | D78: 10465386959 | E78: 11105934096 | I78: 10146275894 | J78: 1754247402 | M78: 0 | N78: 0
A79: IV. GIÁ TRỊ TÀI SẢN RÒNG QUỸ MỞ TRÊN 1 ĐƠN VỊ CHỨNG CHỈ QUỸ (IV=III/(VI.4)) NET ASSET VALUE PER FUND CERTIFICATE | B79: 430 | D79: 12148.53 | E79: 12292.77 | I79: 11759.33 | J79: 276.18
A80: V. LỢI NHUẬN ĐÃ PHÂN PHỐI CHO NHÀ ĐẦU TƯ DISTRIBUTED EARNINGS | B80: 440 | D80: 0 | E80: 0 | J80: 0
A81: 1. Lợi nhuận/Tài sản đã phân phối cho Nhà đầu tư trong năm Distributed earnings assets in the period | B81: 441 | D81: 0 | E81: 0 | I81: 0 | J81: 0
A82: 2. Lợi nhuận đã phân phối cho Nhà đầu tư lũy kế từ khi thành lập Quỹ mở đến kỳ lập báo cáo này Accumulated distributed profit/ assets | B82: 442 | D82: 0 | E82: 0 | I82: 11894947459 | J82: 0
A83: VI. CÁC CHỈ TIÊU NGOÀI BÁO CÁO TÌNH HÌNH TÀI CHÍNH OFF BALANCE SHEET ITEMS | B83: VI | D83: 0 | E83: 0 | J83: 0
A84: 1. Tài sản nhận thế chấp Assets received as pledge | B84: 001 | D84: 0 | E84: 0 | I84: 0 | J84: 0
A85: 2. Nợ khó đòi đã xử lý Written off bad debts | B85: 002 | D85: 0 | E85: 0 | I85: 0 | J85: 0
A86: 3. Ngoại tệ các loại Foreign currencies | B86: 003 | D86: 0 | E86: 0 | I86: 0 | J86: 0
A87: 4. Số lượng Chứng chỉ quỹ đang lưu hành Number of outstanding fund certificates | B87: 004 | D87: 4436507.6 | E87: 4442780.2 | I87: 6351545.5 | J87: 4142.58
A92: Công Ty Cổ Phần Quản Lý Quỹ HD
A94: Người lập | D94: Người duyệt
A108: Lê Thị Huỳnh Như | D108: Lê Thị Huỳnh Như | E108: Nguyễn Thành Long
A109: Phụ trách Kế toán | D109: Phụ trách Kế toán | E109: Tổng Giám Đốc

Sheet BCTaiSan_06027
A1: Phụ lục XXVI. Mẫu báo cáo về hoạt động của Quỹ Appendix XXVI. Report on Fund's Operation | H1: ok
A2: (Ban hành kèm theo Thông tư số 98/2020/TT-BTC ngày 16 tháng 11 năm 2020 của Bộ trưởng Bộ Tài Chính về hướng dẫn hoạt động và quản lý quỹ đầu tư chứng khoán (Issued in association with Circular 98/2020/TT-BTC dated 16 November 2020 of the Minister of Finance on guiding the operation and management of the securities investment funds
A3: BÁO CÁO HOẠT ĐỘNG ĐẦU TƯ CỦA QUỸ MỞ REPORT ON FUND'S INVESTMENT ACTIVITIES
A5: Tại ngày 30 tháng 09 năm 2026/As at September 30 2026
A7: Tên Quỹ: | C7: Quỹ đầu tư trái phiếu lợi tức cao HD
A8: Fund name: | C8: HD High Yield Bond Fund (HDBond)
A9: Tên Công ty quản lý quỹ: | C9: Công Ty Cổ Phần Quản Lý Quỹ HD
A10: Fund Management Company: | C10: HD Capital Joint Stock Company
A11: Tên ngân hàng giám sát: | C11: Ngân hàng TMCP Đầu tư và Phát triển Việt Nam CN Nam Kỳ Khởi Nghĩa
A12: Supervising bank: | C12: Bank for Investment and Development of VietNam JSC - Nam Ky Khoi Nghia Branch
A13: Ngày lập báo cáo: | C13: Ngày 06 tháng 10 năm 2026
A14: Reporting Date: | C14: 46301
A15: A. | B15: BÁO CÁO CHUNG VỀ HOẠT ĐỘNG ĐẦU TƯ CỦA QUỸ/GENERAL INFORMATION ON FUND'S INVESTMENT ACTIVITIES
A16: I | B16: BÁO CÁO TÀI SẢN CỦA QUỸ / ASSET REPORT
A17: STT No | B17: Nội dung Indicator | C17: Mã chỉ tiêu Code | D17: Ngày 30 tháng 09 năm 2026 As at September 30 2026 | E17: Ngày 31 tháng 08 năm 2026 As at August 31 2026 | F17: %/cùng kỳ năm trước %/against last year | K17: Ngày 30 tháng 04 năm 2018 As at 30 Apr 2018
A18: I | B18: TÀI SẢN ASSETS | C18: 2200 | K18: 0
A19: I.1 | B19: Tiền và các khoản tương đương tiền Cash and Cash Equivalents | C19: 2201 | D19: 7101751281 | E19: 6994009457 | F19: 110.97376 | K19: 18924296298
B20: Tiền Cash | C20: 2202 | D20: 0 | E20: 0 | F20: 0 | K20: 0
B21: Tiền gửi ngân hàng Cash at Bank | C21: 2203 | D21: 401751281 | E21: 294009457 | F21: 28.707035 | K21: 10834088082
B22: Tiền gửi của nhà đầu tư cho hoạt động mua chứng chỉ quỹ Cash at bank for Fund's subscription | C22: 2203.1 | D22: 12966627 | E22: 23959660 | F22: 186.3457
B23: Tiền phải trả cho Nhà đầu tư về mua lại chứng chỉ quỹ Cash at bank for Fund's redemption | C23: 2203.2 | D23: 6128199 | E23: 6037760 | F23: 127.91999
B24: Tiền gửi ngân hàng cho hoạt động của Quỹ Cash at bank for Fund's operation | C24: 2203.3 | D24: 382656455 | E24: 264012037 | F24: 27.574111
B25: Các khoản tương đương tiền Cash Equivalents | C25: 2204 | D25: 6700000000 | E25: 6700000000 | F25: 134 | K25: 8090208216
A26: I.2 | B26: Các khoản đầu tư (kê chi tiết) Investments | C26: 2205 | D26: 46507785019 | E26: 47376313275 | F26: 99.946829 | K26: 54380270000
B27: Cổ phiếu niêm yết Listed shares | C27: 2205.01 | D27: 6447943000 | E27: 6849207500 | F27: 87.539056 | K27: 54104270000
B28: Cổ phiếu chưa niêm yết Unlisted shares | C28: 2205.02 | D28: 0 | E28: 0 | F28: 0 | K28: 0
B29: Trái phiếu Bonds | C29: 2205.03 | D29: 40059842019 | E29: 40527105775 | F29: 102.58451 | K29: 0
B30: Hợp đồng tiền gửi có kỳ hạn quá ba (03) tháng Deposit with term over three (03) months | C30: 2205.04 | D30: 0 | E30: 0 | F30: 0 | K30: 0
B31: Chứng chỉ tiền gửi ghi danh Registered Deposit Certificate | C31: 2205.05 | D31: 0 | E31: 0 | F31: 0 | K31: 0
B32: Quyền mua chứng khoán Investments - Rights | C32: 2205.06 | D32: 0 | E32: 0 | F32: 0 | K32: 276000000
A33: I.3 | B33: Cổ tức, trái tức được nhận Dividend, Coupon Receivables | C33: 2206 | D33: 422911193 | E33: 472642732 | F33: 86.591104 | K33: 182000000
B34: Cổ tức được nhận Dividend receivables | C34: 2206.1 | D34: 0 | E34: 93000000 | F34: 0
B35: Trái tức được nhận Coupon Receivables | C35: 2206.2 | D35: 422911193 | E35: 379642732 | F35: 92.258058
A36: I.4 | B36: Lãi được nhận Interest Receivables | C36: 2207 | D36: 550685 | E36: 367123 | F36: 160.7999 | K36: 31954902
B37: Phải thu lãi tiền gửi có kỳ hạn Interest receivable from term deposit | C37: 2207.1 | D37: 550685 | E37: 367123 | F37: 160.7999 | K37: 31954902
B38: Phải thu lãi chứng chỉ tiền gửi ghi danh Interest receivable from registered Deposit Certificate | C38: 2207.2 | D38: 0 | E38: 0 | F38: 0 | K38: 0
A39: I.5 | B39: Tiền bán chứng khoán chờ thu Securities Trading Receivables | C39: 2208 | D39: 0 | E39: 0 | F39: 0 | K39: 838678093
A40: I.6 | B40: Các khoản phải thu khác Other Receivables | C40: 2210 | D40: 0 | E40: 0 | F40: 0 | K40: 0
A41: I.7 | B41: Các tài sản khác Other Assets | C41: 2211 | D41: 0 | E41: 0 | F41: 0 | H41: checking | K41: 0
A42: I.8 | B42: TỔNG TÀI SẢN TOTAL ASSETS | C42: 2212 | D42: 54032998178 | E42: 54843332587 | F42: 101.14607 | H42: 77161857907 | I42: 76787550493 | K42: 74357199293
A43: II | B43: Nợ Liability | C43: 2213 | D43: 0 | E43: 0 | F43: 0 | H43: 0 | I43: 0 | K43: 0
A44: II.1 | B44: Tiền phải thanh toán mua chứng khoán Securities Trading Payables | C44: 2214 | D44: 0 | E44: 0 | F44: 0 | K44: 830644100
A45: II.2 | B45: Các khoản phải trả khác Other Payables | C45: 2215 | D45: 135950494 | E45: 229241880 | F45: 106.92499 | K45: 171396702
B46: Phải trả cho Nhà đầu tư về mua lại Chứng chỉ quỹ Net Redemption Payables | C46: 2215.01 | D46: 6128199 | E46: 6037760 | F46: 127.91999 | K46: 0
B47: Phải trả cho Nhà đầu tư về mua Chứng chỉ quỹ Subscription Suspense Payable | C47: 2215.02 | D47: 12966627 | E47: 23959660 | F47: 186.3457 | K47: 0
B48: Thuế và các khoản phải nộp Nhà nước Taxes Payables | C48: 2215.03 | D48: 183252 | E48: 142223 | F48: 32.706517 | K48: 0
B49: Phải trả phí phát hành, mua lại chứng chỉ quỹ cho Đại lý phân phối và Công ty quản lý quỹ Subscription and Redemption fee payable to distributors and Fund Management Company | C49: 2215.04 | D49: 498693 | E49: 424499 | F49: 63.33084 | K49: 250000
B50: Phải trả thu nhập cho nhà đầu tư Income payable to investors | C50: 2215.05 | D50: 0 | E50: 0 | F50: 0 | K50: 0
B51: Phải trả thù lao ban đại diện quỹ Remuneration Payable to Fund's Board of Representatives | C51: 2215.06 | D51: 17000012 | E51: 11456527 | F51: 100.68135 | K51: 6000000
B52: Phải trả công ty quản lý quỹ Management fee payable | C52: 2215.07 | D52: 42242125 | E52: 43549360 | F52: 101.64919 | K52: 56533209
B53: Phải trả phí lưu ký - bảo quản tài sản Custodian fee payable | C53: 2215.08 | D53: 15000000 | E53: 15000000 | F53: 100 | K53: 10750000
B54: Phải trả phí quản trị quỹ Fund Administration fee payable | C54: 2215.09 | D54: 16500000 | E54: 16500000 | F54: 100 | K54: 11180000
B55: Phải trả phí giám sát Supervisory service fee payable | C55: 2215.10 | D55: 5500000 | E55: 5500000 | F55: 100 | K55: 19565000
B56: Phải trả phí giao dịch chứng khoán Custodian service - Transaction fee Payables | C56: 2215.11 | D56: 0 | E56: 0 | F56: 0 | K56: 13050000
B57: Phải trả phí dịch vụ đại lý chuyển nhượng Transfer Agency fee payable | C57: 2215.12 | D57: 13200000 | E57: 13200000 | F57: 100 | K57: 11000000
... B64: Phải trả phí thường niên Annual Fee Payables | C64: 2215.19 | D64: 0 | E64: 0 | F64: 0 | K64: 3287671
B65: Phải trả khác Other payable | C65: 2215.20 | D65: 0 | E65: 0 | F65: 0 | H65: 190555733 | I65: 293612600 | K65: 0
A66: II.3 | B66: TỔNG NỢ TOTAL LIABILITIES | C66: 2216 | D66: 135950494 | E66: 229241880 | F66: 106.92499 | H66: 0 | I66: 0 | K66: 1002040802
B67: Tài sản ròng của Quỹ ( = I.8 - II.3) Net Asset Value ( = I.8 - II.3) | C67: 2217 | D67: 53897047684 | E67: 54614090707 | F67: 101.13229 | H67: 76971302174 | I67: 76493937893 | K67: 73355158491
B68: Tổng số chứng chỉ quỹ đang lưu hành Total Outstanding Fund Certificates | C68: 2218 | D68: 4436507.6 | E68: 4442780.2 | F68: 100.02002 | H68: 0 | I68: 0 | K68: 6359254.6
B69: Giá trị tài sản ròng trên một đơn vị quỹ Net Asset Value per Fund Certificate | C69: 2219 | D69: 12148.53 | E69: 12292.77 | F69: 101.11212 | H69: 12110.62 | I69: 12035.51 | K69: 11535.18
H70: 0 | I70: 0
A72: Đại diện có thẩm quyền của Ngân hàng giám sát | D72: Đại diện có thẩm quyền của Công ty quản lý Quỹ
A73: Authorised Representative of Supervisory Bank | D73: Authorised Representative of Fund Management Company
A83: Ngân hàng TMCP Đầu tư và Phát triển Việt Nam CN Nam Kỳ Khởi Nghĩa | D83: Công Ty Cổ Phần Quản Lý Quỹ HD
A84: Nguyễn Thị Minh Châu | D84: Nguyễn Thành Long
A85: Phó Giám Đốc | D85: Tổng Giám Đốc

Sheet BCLCGT_06262
A1: Mẫu số B02g - QM. Báo cáo tình hình tài chính Template B02g - QM. Statement of Financial Position
A2: (Ban hành kèm theo Thông tư 198/2012/TT-BTC ngày 15 tháng 11 năm 2012 về chế độ kế toán áp dụng đối với quỹ mở) (Issued in association with Circular 198/2012/TT-BTC dated 15 Nov 2012 on the Accounting Policies for Open-Ended Fund)
A3: BÁO CÁO LƯU CHUYỂN TIỀN TỆ CASH FLOW STATEMENT
A4: =BCThuNhap_06203!A5 -> Tháng 09 năm 2026/ September 2026
A7: Tên Quỹ: | B7: Quỹ đầu tư trái phiếu lợi tức cao HD
A8: Fund name: | B8: HD High Yield Bond Fund (HDBond)
A9: Tên Công ty quản lý quỹ: | B9: Công Ty Cổ Phần Quản Lý Quỹ HD
A10: Fund Management Company: | B10: HD Capital Joint Stock Company
A11: Tên ngân hàng giám sát: | B11: NH TMCP Đầu tư và Phát triển Việt Nam Chi nhánh Nam Kỳ Khởi Nghĩa
A12: Supervising bank: | B12: Bank for Investment and Development of VietNam JSC - Nam Ky Khoi Nghia Branch
A13: Ngày lập báo cáo: | B13: =BCThuNhap_06203!B13 -> Ngày 06 tháng 10 năm 2026
A14: Reporting Date: | B14: =BCThuNhap_06203!B14 -> 46301
A17: Chỉ tiêu Indicator | B17: Mã số Code | C17: Thuyết minh Note | D17: Quý IV năm 2022 Quarter IV 2022 | E17: Quý III năm 2022 Quarter III 2022
A18: I. Lưu chuyển tiền từ hoạt động đầu tư Cash flow from investing activities | B18: I
A19: 1. Lợi nhuận trước Thuế thu nhập doanh nghiệp Profit before income tax | B19: 01 | D19: =BCThuNhap_06203!D73 -> -640547137 | E19: 1552642088
A20: 2. Điều chỉnh cho các khoản tăng giá trị tài sản ròng từ các hoạt động đầu tư Adjustment for NAV increase from investing activities | B20: 02 | D20: =+D21+D22 -> 781787991 | E20: 161602691
A21: (- Lãi) hoặc (+ lỗ) chênh lệch tỷ giá hối đoái/ đánh giá lại các khoản đầu tư chưa thực hiện Unreliased (Gain) or Loss from FX valuation/Investment revaluation | B21: 03 | D21: =-BCThuNhap_06203!D71 -> 868528256 | E21: 119385468
A22: (+) Chi phí trích trước Increase of Accrued Expenses | B22: 04 | D22: =BCTinhHinhTaiChinh_06105!D53-BCTinhHinhTaiChinh_06105!E53-(BCTinhHinhTaiChinh_06105!D58-BCTinhHinhTaiChinh_06105!E58)+BCTinhHinhTaiChinh_06105!D71-BCTinhHinhTaiChinh_06105!E71 -> -86740265 | E22: 42217223
A23: 3. Lợi nhuận từ hoạt động đầu tư trước thay đổi vốn lưu động Profit from investing activities before changes in working capital | B23: 05 | D23: =+D19+D20 -> 141240854 | E23: 1714244779
A24: (-) Tăng, (+) giảm đầu tư (Increase), Decrease Investments | B24: 20 | D24: =IF((BCTaiSan_06027!D26-BCTaiSan_06027!E26+BCLCGT_06262!D21)>0,-(BCTaiSan_06027!D26-BCTaiSan_06027!E26+BCLCGT_06262!D21),-(BCTaiSan_06027!D26-BCTaiSan_06027!E26+BCLCGT_06262!D21)) -> 0 | E24: -45936737791
A25: (-) Tăng, (+) giảm phải thu bán chứng khoán đầu tư (Increase), Decrease in Receivables from investments sold but not yet settled | B25: 06 | D25: =IF((BCTinhHinhTaiChinh_06105!D34-BCTinhHinhTaiChinh_06105!E34)>0,-(BCTinhHinhTaiChinh_06105!D34-BCTinhHinhTaiChinh_06105!E34),-(BCTinhHinhTaiChinh_06105!D34-BCTinhHinhTaiChinh_06105!E34)) -> 0 | E25: 0
A26: (-) Tăng, (+) giảm dự thu phải thu tiền lãi các khoản đầu tư (Increase), Decrease in Dividend and interest receivables | B26: 07 | D26: =IF((BCTaiSan_06027!D33-BCTaiSan_06027!E33+BCTaiSan_06027!D36-BCTaiSan_06027!E36)>0,-(BCTaiSan_06027!D33-BCTaiSan_06027!E33+BCTaiSan_06027!D36-BCTaiSan_06027!E36),-(BCTaiSan_06027!D33-BCTaiSan_06027!E33+BCTaiSan_06027!D36-BCTaiSan_06027!E36)) -> 49547977 | E26: -1008712851
A27: (-) Tăng, (+) giảm các khoản phải thu khác (Increase), Decrease in other receivables | B27: 08 | D27: =IF((BCTaiSan_06027!D40-BCTaiSan_06027!E40)>0,-(BCTaiSan_06027!D40-BCTaiSan_06027!E40),-(BCTaiSan_06027!D40-BCTaiSan_06027!E40)) -> 0 | E27: 0
A28: (+) Tăng, (-) giảm vay ngắn hạn Increase, (Decrease) in Short-term Loans | B28: 09
A29: (+) Tăng, (-) giảm phải trả cho người bán (Decrease), Increase in payables for securities purchased but not yet settled | B29: 10 | D29: =BCTaiSan_06027!D44-BCTaiSan_06027!E44 -> 0 | E29: 0
A30: (+) Tăng, (-) giảm phải trả các Đại lý phân phối Chứng chỉ quỹ, Công ty Quản lý Quỹ (Decrease)/increase in subscription and redemption fee payable to distributors and Fund Management Company | B30: 11 | D30: =BCTaiSan_06027!D49-BCTaiSan_06027!E49 -> 74194 | E30: 0
A31: (+) Tăng, (-) giảm phải trả thu nhập cho Nhà đầu tư Increase, (Decrease) in profit distribution payables to investors | B31: 12 | D31: =BCTaiSan_06027!D50-BCTaiSan_06027!E50 -> 0 | E31: 0
A32: (+) Tăng, (-) giảm Thuế và các khoản phải nộp Nhà nước Increase, (Decrease) in Tax payables and obligations to the State Budget | B32: 13 | D32: =BCTaiSan_06027!D48-BCTaiSan_06027!E48 -> 41029 | E32: 168600926
A33: (+) Tăng, (-) giảm phải trả cho Nhà đầu tư về mua Chứng chỉ quỹ Increase, (Decrease) in Subscription Payable to investors | B33: 14 | D33: =BCTaiSan_06027!D47-BCTaiSan_06027!E47 -> -10993033 | E33: -13570823
A34: (+) Tăng, (-) giảm phải trả cho Nhà đầu tư về mua lại Chứng chỉ quỹ Increase, (Decrease) in Redemption payable to investors | B34: 15 | D34: =BCTaiSan_06027!D46-BCTaiSan_06027!E46 -> 90439 | E34: 0
A35: (+) Tăng, (-) giảm phải trả, phải nộp khác Increase, (Decrease) in Other payables | B35: 16 | D35: =+BCTinhHinhTaiChinh_06105!D58-BCTinhHinhTaiChinh_06105!E58 -> 5543485 | E35: -1000000
A36: (+) Tăng, (-) giảm Phải trả dịch vụ quản lý Quỹ mở Increase, (Decrease) in Fees payable to related service providers | B36: 17 | D36: =BCTinhHinhTaiChinh_06105!D63-BCTinhHinhTaiChinh_06105!E63 -> -1307235 | E36: 37314846
A37: (+) Tăng, (-) giảm Thuế Thu nhập doanh nghiệp đã nộp Increase, (Decrease) Income Tax Payment | B37: 18 | D37: 0 | E37: 0
A38: Lưu chuyển tiền thuần từ hoạt động đầu tư (1+2+3) Net Cash flow from Investing activities | B38: 19 | D38: =+D23+D25+D26+D27+D28+D29+D30+D31+D32+D33+D34+D35+D36+D37+D24 -> 184237710 | E38: -45039860914
A39: II. Lưu chuyển tiền từ hoạt động tài chính Cash flow from financing activities | B39: II
A40: 1. Tiền thu từ phát hành Chứng chỉ quỹ mở Receipts from subscriptions | B40: 31 | D40: =BCKetQuaHoatDong_06028!D66 -> 116123156 | E40: 223673451509
A41: 2. Tiền chi mua lại Chứng chỉ quỹ mở Payments for redemptions | B41: 32 | D41: =BCKetQuaHoatDong_06028!D67 -> -192619042 | E41: -173111113500
A42: 3. Tiền vay gốc Principal of borrowings | B42: 33 | D42: 0 | E42: 0
A43: 4. Tiền chi trả nợ gốc vay Payment of Principal borrowings | B43: 34 | D43: 0 | E43: 0
A44: 5. Tiền chi trả cổ tức, tiền lãi cho nhà đầu tư Dividend, profit distribution paid to investors | B44: 35 | D44: 0 | E44: 0
A45: Lưu chuyển tiền thuần từ hoạt động tài chính (1+2+3-4-5) Net cash outflows from financing activities | B45: 30 | D45: =+D40+D41+D42-D43-D44 -> -76495886 | E45: 50562338009
A46: III. Tăng/giảm tiền thuần trong kỳ Net Increase/Decrease in cash and cash equivalent for the period | B46: 40 | D46: =+D38+D45 -> 107741824 | E46: 5522477095 | H46: =+D46-D63 -> 12132235977
A47: IV. Tiền và các khoản tương đương tiền đầu kỳ Cash and cash equivalents at the beginning of period | B47: 50 | D47: 0 | E47: 0
A48: Tiền gửi ngân hàng đầu kỳ: Cash at bank of the beginning of period: | B48: 51 | D48: =+D49+D53 -> 19126245434 | E48: 13603768339
A49: -Tiền gửi ngân hàng và tương đương tiền cho hoạt động của Quỹ Cash at bank and cash equivalent for Fund's operation | B49: 52 | D49: =+D50+D51 -> 19025129589 | E49: 13489081671
A50: Tiền gửi không kỳ hạn Demand deposit | B50: 52.1 | D50: =E58 -> 325129589 | E50: 289081671
A51: Tiền gửi có kỳ hạn dưới ba (03) tháng Deposits with term under three (03) months | B51: 52.2 | D51: =E59 -> 18700000000 | E51: 13200000000
A52: Tiền gửi ký quỹ cho hoạt động đầu tư chứng khoán phái sinh Margin account for trading derivatives | B52: 52.3 | D52: =+E60 -> 0 | E52: 0
A53: - Tiền gửi của nhà đầu tư về mua bán chứng chỉ quỹ Cash at bank for Fund's subscription/redemption | B53: 53 | D53: =E61 -> 101115845 | E53: 114686668
A54: - Tiền gửi phong tỏa Frozen Account | B54: 54 | D54: =E62 -> 0 | E54: 0
A55: V. Tiền và các khoản tương đương tiền cuối kỳ Cash and cash equivalents at the end of period | B55: 55 | D55: =+D56 -> 7101751281 | E55: 19126245434
A56: Tiền gửi ngân hàng cuối kỳ: Cash at bank of the end of period: | B56: 56 | D56: =D57+D61+D62 -> 7101751281 | E56: 19126245434
A57: -Tiền gửi ngân hàng và tương đương tiền cho hoạt động của Quỹ Cash at bank and cash equivalent for Fund's operation | B57: 57 | D57: =+D58+D59+D60 -> 7082656455 | E57: 19025129589
A58: Tiền gửi không kỳ hạn Demand deposit | B58: 57.1 | D58: =BCTaiSan_06027!D24 -> 382656455 | E58: 325129589
A59: Tiền gửi có kỳ hạn dưới ba (03) tháng Deposits with term under three (03) months | B59: 57.2 | D59: =BCTaiSan_06027!D25 -> 6700000000 | E59: 18700000000
A60: Tiền gửi ký quỹ cho hoạt động đầu tư chứng khoán phái sinh Margin account for trading derivatives | B60: 57.3
A61: - Tiền gửi của nhà đầu tư về mua bán chứng chỉ quỹ Cash at bank for Fund's subscription and redemption | B61: 58 | D61: =BCTaiSan_06027!D22+BCTaiSan_06027!D23 -> 19094826 | E61: 101115845
A62: - Tiền gửi phong tỏa Frozen Account | B62: 59 | D62: 0 | E62: 0
A63: VI. Thay đổi Tiền và các khoản tương đương tiền trong kỳ Changes in cash and cash equivalents in the period | B63: 60 | D63: =D55-D48 -> -12024494153 | E63: 5522477095
A64: Khác Others | B64: 80 | D64: 0 | E64: 0
A65: * Điều chỉnh cách trình bày chỉ tiêu 13 - Tăng (Giảm) Thuế và các khoản phải nộp Nhà nước vào chỉ tiêu 16 - Tăng (giảm) phải trả phải nộp khác. Revise the presentation of item 13 - Increase, (Decrease) in Tax payables and obligations to the State Budget into item 16 - Increase, (Decrease) in Other payables.
A67: Người lập | D67: Người duyệt
A76: Nguyễn Tuấn Ngọc | C76: Nguyễn Xuân Châu | E76: Dương Thế Quang
A77: Kế toán | C77: Kế toán trưởng | E77: Tổng Giám Đốc

Sheet BCKetQuaHoatDong_06028
A1: Phụ lục XXVI. Mẫu báo cáo về hoạt động của Quỹ Appendix XXVI. Report on Fund's Operation
A2: (Ban hành kèm theo Thông tư số 98/2020/TT-BTC ngày 16 tháng 11 năm 2020 của Bộ trưởng Bộ Tài Chính về hướng dẫn hoạt động và quản lý quỹ đầu tư chứng khoán (Issued in association with Circular 98/2020/TT-BTC dated 16 November 2020 of the Minister of Finance on guiding the operation and management of the securities investment funds
A3: BÁO CÁO HOẠT ĐỘNG ĐẦU TƯ CỦA QuỸ MỞ REPORT ON FUND'S INVESTMENT ACTIVITIES
A5: Tháng 09 năm 2026/ September 2026
A7: Tên Quỹ: | C7: Quỹ đầu tư trái phiếu lợi tức cao HD
A8: Fund name: | C8: HD High Yield Bond Fund (HDBond)
A9: Tên Công ty quản lý quỹ: | C9: Công Ty Cổ Phần Quản Lý Quỹ HD
A10: Fund Management Company: | C10: HD Capital Joint Stock Company
A11: Tên ngân hàng giám sát: | C11: Ngân hàng TMCP Đầu tư và Phát triển Việt Nam Chi nhánh Nam Kỳ Khởi Nghĩa
A12: Supervising bank: | C12: Bank for Investment and Development of VietNam JSC - Nam Ky Khoi Nghia Branch
A13: Ngày lập báo cáo: | C13: Ngày 06 tháng 10 năm 2026
A14: Reporting Date: | C14: 46301
A15: A. | B15: BÁO CÁO CHUNG VỀ HOẠT ĐỘNG ĐẦU TƯ CỦA QUỸ/GENERAL INFORMATION ON FUND'S INVESTMENT ACTIVITIES
A16: II | B16: BÁO CÁO KẾT QUẢ HOẠT ĐỘNG / PROFIT AND LOSS REPORT
A17: STT No | B17: Chỉ tiêu Indicator | C17: Mã chỉ tiêu Code | D17: Tháng 09 năm 2026 September 2026 | E17: Tháng 08 năm 2026 August 2026 | F17: Lũy kế từ đầu năm Accumulated from beginning of year
A18: I | B18: Thu nhập từ hoạt động đầu tư Income from Investment Activities | C18: 2220 | D18: 337744191 | E18: 464747759 | F18: 3371331499 | P18: 2220
A19: 1 | B19: Cổ tức, trái tức được nhận Dividend, Coupon received | C19: 2221 | D19: 334946294 | E19: 463418123 | F19: 3348066789 | P19: 2221
B20: Cổ tức được nhận Dividend received | C20: 2221.1 | D20: 0 | E20: 93000000 | F20: 118000000
B21: Trái tức được nhận Coupon received | C21: 2221.2 | D21: 334946294 | E21: 370418123 | F21: 3230066789
A22: 2 | B22: Lãi được nhận Income from Interest | C22: 2222 | D22: 2797897 | E22: 1329636 | F22: 23264710 | P22: 2222
A23: 3 | B23: Các khoản thu nhập khác Other income | C23: 2223 | D23: 0 | E23: 0 | F23: 0 | P23: 2223
A24: II | B24: Chi phí Expense | C24: 2224 | D24: 109763072 | E24: 112747168 | F24: 1001723826 | P24: 2224
A25: 1 | B25: Chi phí quản lý trả cho Công ty quản lý quỹ Management Fee paid to Fund Management Company | C25: 2225 | D25: 42242125 | E25: 43549360 | F25: 386711953 | P25: 2225
A26: 2 | B26: Chi phí lưu ký, giám sát trả cho Ngân hàng Giám sát/VSD Custody fee, Supervising fee paid to Supervising Bank/VSD | C26: 2226 | D26: 20688227 | E26: 20782952 | F26: 186724152 | P26: 2226
B27: Phí dịch vụ lưu ký - bảo quản tài sản Custodian service - Custody Fee | C27: 2226.1 | D27: 15000000 | E27: 15000000 | F27: 135000000 | P27: 2226.1
B28: Phí dịch vụ lưu ký - giao dịch chứng khoán Custodian service - Transaction fee | C28: 2226.2 | D28: 0 | E28: 100000 | F28: 700000 | P28: 2226.2
B29: Phí dịch vụ lưu ký tại VSDC Custodian fee at VSDC | C29: 2226.3 | D29: 188227 | E29: 182952 | F29: 1524152 | P29: 2226.3
B30: Phí giám sát Supervisory fee | C30: 2226.4 | D30: 5500000 | E30: 5500000 | F30: 49500000 | P30: 2226.4
A31: 3 | B31: Chi phí dịch vụ quản trị quỹ, chi phí dịch vụ đại lý chuyển nhượng và các chi phí khác mà công ty quản lý quỹ trả cho tổ chức cung cấp dịch vụ có liên quan Fund Administration Fee, Transfer Agency Fee, and other fee paid to relevant Fund's service providers | C31: 2227 | D31: 29700000 | E31: 29700000 | F31: 267300000 | P31: 2227
B32: Chi phí dịch vụ quản trị Quỹ Fund Administration Fee | C32: 2227.1 | D32: 16500000 | E32: 16500000 | F32: 148500000 | P32: 2227.1
B33: Chi phí dịch vụ Đại lý Chuyển nhượng Transfer Agency Fee | C33: 2227.2 | D33: 13200000 | E33: 13200000 | F33: 118800000 | P33: 2227.2
A34: 4 | B34: Chi phí kiểm toán trả cho tổ chức kiểm toán Audit fee | C34: 2228 | D34: 11539735 | E34: 11924392 | F34: 105011586 | P34: 2228
A35: 5 | B35: Chi phí dịch vụ tư vấn pháp lý, dịch vụ báo giá và các dịch vụ hợp lý khác, thù lao trả cho ban đại diện quỹ Legal consultancy expenses, price quotation fee, other valid expenses, remuneration payable to fund representative board | C35: 2229 | D35: 5543485 | E35: 5665320 | F35: 51000012 | P35: 2229
B36: Thù lao ban đại diện Quỹ Remuneration of Fund's Board of Representatives | C36: 2229.1 | D36: 5543485 | E36: 5665320 | F36: 51000012 | P36: 2229.1
B37: Chi phí cung cấp báo giá chứng khoán Price feed fee Expenses | C37: 2229.2 | D37: 0 | E37: 0 | F37: 0 | P37: 2229.2
A38: 6 | B38: Chi phí dự thảo, in ấn, gửi bản cáo bạch, bản cáo bạch tóm tắt, báo cáo tài chính, xác nhận giao dịch, sao kê tài khoản và các tài liệu khác cho nhà đầu tư; chi phí công bố thông tin của quỹ; chi phí tổ chức họp đại hội nhà đầu tư, ban đại diện quỹ Fee for drafting, printing, distribution of prospectus, summarised propectus, financial statements, transaction confirmations, account statements and other documents to investors; information disclosure fee; fee for organising annual general meeting, board of representatives meeting | C38: 2230 | D38: 0 | E38: 0 | F38: 0 | P38: 2230
B39: Chi phí họp Đại hội Quỹ Meeting expense | C39: 2230.1 | D39: 0 | E39: 0 | F39: 0 | P39: 2230.1
B40: Phí báo cáo thường niên Annual report expense | C40: 2230.2 | D40: 0 | E40: 0 | F40: 0 | P40: 2230.2
B41: Chi phí họp, công tác của ban đại diện Fund's Board of Representatives meeting, travelling expense | C41: 2230.3 | D41: 0 | E41: 0 | F41: 0 | P41: 2230.3
B42: Chi phí công bố thông tin của Quỹ Expenses for information disclosure of the Fund | C42: 2230.4 | D42: 0 | E42: 0 | F42: 0 | P42: 2230.4
B43: Phí thiết kế, in ấn, gửi thư….. Designing, printing, posting…expenses | C43: 2230.5 | D43: 0 | E43: 0 | F43: 0
A44: 7 | B44: Chi phí liên quan đến thực hiện các giao dịch tài sản của quỹ Expenses related to execution of fund’s asset transactions | C44: 2231 | D44: 0 | E44: 965644 | F44: 3362863 | P44: 2231
B45: Chi phí môi giới Brokerage fee expense | C45: 2231.1 | D45: 0 | E45: 965644 | F45: 3362863 | P45: 2231.1
B46: Chi phí thanh toán bù trừ Clearing settlement fee | C46: 2231.2 | D46: 0 | E46: 0 | F46: 0 | P46: 2231.2
B47: Chi phí khác Other Expenses | C47: 2231.3 | D47: 0 | E47: 0 | F47: 0
A48: 8 | B48: Các loại chi phí khác Other expenses | C48: 2232 | D48: 49500 | E48: 159500 | F48: 1613260 | P48: 2232
B49: Chi phí thiết lập Quỹ Set up Expenses | C49: 2232.1 | D49: 0 | E49: 0 | F49: 0 | P49: 2232.1
B50: Phí niêm yết Listing fee expenses | C50: 2232.2 | D50: 0 | E50: 0 | F50: 0 | P50: 2232.2
B51: Phí quản lý thường niên Annual fee Expenses | C51: 2232.3 | D51: 0 | E51: 0 | F51: 0 | P51: 2232.3
B52: Phí ngân hàng Bank charges | C52: 2232.4 | D52: 49500 | E52: 159500 | F52: 1613260 | P52: 2232.4
B53: Phí thực hiện quyền trả cho VSDC Payables to VSDC for getting the list of investors | C53: 2232.5 | D53: 0 | E53: 0 | F53: 0
B54: Chi phí khác Other Expenses | C54: 2232.6 | D54: 0 | E54: 0 | F54: 0 | P54: 2232.5
A55: III | B55: Thu nhập ròng từ hoạt động đầu tư ( = I - II) Net Income from Investment Activities ( = I - II) | C55: 2233 | D55: 227981119 | E55: 352000591 | F55: 2369607673 | P55: 2233
A56: IV | B56: Lãi (lỗ) từ hoạt động đầu tư Gain / (Loss) from Investment Activities | C56: 2234 | D56: -868528256 | E56: 832842525 | F56: -2822605496 | P56: 2234
A57: 1 | B57: Lãi (lỗ) thực tế phát sinh từ hoạt động đầu tư Realised Gain / (Loss) from disposal of investment | C57: 2235 | D57: 0 | E57: -1266423 | F57: 176139983 | P57: 2235
A58: 2 | B58: Thay đổi về giá trị của các khoản đầu tư trong kỳ Unrealised Gain / (Loss) due to market price | C58: 2236 | D58: -868528256 | E58: 834108948 | F58: -2998745479 | G58: checking | P58: 2236
A59: V | B59: Thay đổi của giá trị tài sản ròng của Quỹ do các hoạt động đầu tư trong kỳ (III + IV) Change of Net Asset Value of the Fund due to investment activities during the period ( = III + IV) | C59: 2237 | D59: -640547137 | E59: 1184843116 | F59: -452997823 | G59: 477364281 | K59: SUB | L59: REDEMPTION | P59: 2237
A60: VI | B60: Giá trị tài sản ròng đầu kỳ Net Asset Value at the beginning of period | C60: 2238 | D60: 54614090707 | E60: 53442387764 | F60: 54420676090 | G60: 0 | J60: Tháng 1 | K60: 0 | L60: 0 | P60: 2238
A61: VII | B61: Thay đổi giá trị tài sản ròng của Quỹ trong kỳ Change of Net Asset Value of the Fund during the period | C61: 2239 | D61: -717043023 | E61: 1171702943 | F61: -523628406 | J61: Tháng 2 | P61: 2239
B62: Trong đó: Of which: | C62: 2240 | D62: 0 | E62: 0 | F62: 0 | J62: Tháng 3 | K62: 49750000 | L62: 0 | P62: 2240
A63: 1 | B63: Thay đổi giá trị tài sản ròng của Quỹ do các hoạt động liên quan đến đầu tư của Quỹ trong kỳ Change of Net Asset Value due to investment related activities during the period | C63: 2241 | D63: -640547137 | E63: 1184843116 | F63: -452997823 | J63: Tháng 4 | K63: 0 | L63: 0 | P63: 2239.1
A64: 2 | B64: Thay đổi giá trị tài sản ròng của Quỹ do việc phân phối thu nhập của Quỹ cho các nhà đầu tư trong kỳ Change of Net Asset Value due to profit distribution to investors during the period | C64: 2242 | D64: 0 | E64: 0 | F64: 0 | J64: Tháng 5 | P64: 2239.2
A65: 3 | B65: Thay đổi giá trị tài sản ròng do phát hành thêm/mua lại chứng chỉ quỹ Change of Net Asset Value due to subscription/redemption during the period | C65: 2239.1 | D65: -76495886 | E65: -13140173 | F65: -70630583
B66: Thay đổi GTTSR do phát hành thêm Chứng chỉ Quỹ Change of Net Asset Value due to subscription during the period | C66: 2239.11 | D66: 116123156 | E66: 133570799 | F66: 2335938959 | J66: Tháng 6 | P66: 2239.3
B67: Thay đổi GTTSR do mua lại Chứng chỉ Quỹ Change of Net Asset Value due to redemption during the period | C67: 2239.22 | D67: -192619042 | E67: -146710972 | F67: -2406569542 | J67: Tháng 7 | P67: 2239.4
A68: VIII | B68: Giá trị tài sản ròng cuối kỳ Net Asset Value at the end of period | C68: 2243 | D68: 53897047684 | E68: 54614090707 | F68: 53897047684 | G68: 76971302174 | H68: 76493937893 | J68: Tháng 8 | P68: 2243
G69: 0 | H69: 0 | J69: Tháng 9
J70: Tháng 10
A71: Đại diện có thẩm quyền của Ngân hàng giám sát | D71: Đại diện có thẩm quyền của Công ty quản lý Quỹ | G71: 0 | J71: Tháng 11
A72: Authorised Representative of Supervisory Bank | D72: Authorised Representative of Fund Management Company | J72: Tháng 12
J73: Total | K73: 49750000 | L73: 0
A83: NH TMCP Đầu tư và Phát triển Việt Nam CN Nam Kỳ Khởi Nghĩa | D83: Công Ty Cổ Phần Quản Lý Quỹ HD
A84: Nguyễn Thị Minh Châu | D84: Nguyễn Thành Long
A85: Phó giám đốc chi nhánh | D85: Tổng Giám Đốc

Sheet BCDanhMucDauTu_06029
A1: Phụ lục XXVI. Mẫu báo cáo về hoạt động của Quỹ Appendix XXVI. Report on Fund's Operation
A2: (Ban hành kèm theo Thông tư số 98/2020/TT-BTC ngày 16 tháng 11 năm 2020 của Bộ trưởng Bộ Tài Chính về hướng dẫn hoạt động và quản lý quỹ đầu tư chứng khoán (Issued in association with Circular 98/2020/TT-BTC dated 16 November 2020 of the Minister of Finance on guiding the operation and management of the securities investment funds)
A3: BÁO CÁO HOẠT ĐỘNG ĐẦU TƯ CỦA QUỸ MỞ REPORT ON FUND'S INVESTMENT ACTIVITIES
A5: Tại ngày 30 tháng 09 năm 2026/As at September 30 2026
A7: Tên Quỹ: | C7: Quỹ đầu tư trái phiếu lợi tức cao HD
A8: Fund name: | C8: HD High Yield Bond Fund (HDBond)
A9: Tên Công ty quản lý quỹ: | C9: Công Ty Cổ Phần Quản Lý Quỹ HD
A10: Fund Management Company: | C10: HD Capital Joint Stock Company
A11: Tên ngân hàng giám sát: | C11: Ngân hàng TMCP Đầu tư và Phát triển Việt Nam Chi nhánh Nam Kỳ Khởi Nghĩa
A12: Supervising bank: | C12: Bank for Investment and Development of VietNam JSC - Nam Ky Khoi Nghia Branch
A13: Ngày lập báo cáo: | C13: Ngày 06 tháng 10 năm 2026
A14: Reporting Date: | C14: 46301
A15: A. | B15: BÁO CÁO CHUNG VỀ HOẠT ĐỘNG ĐẦU TƯ CỦA QUỸ/GENERAL INFORMATION ON FUND'S INVESTMENT ACTIVITIES
A16: III | B16: BÁO CÁO VỀ TÌNH HÌNH DANH MỤC ĐẦU TƯ CỦA QUỸ / INVESTMENT PORTFOLIO REPORT
A17: STT/No. | B17: Loại Category | C17: Mã chỉ tiêu Code | D17: Số Lượng Quantity | E17: Giá thị trường hoặc giá trị hợp lý tại ngày báo cáo Market price | F17: Tổng giá trị (Đồng) Value (VND) | G17: Tỷ lệ % Tổng giá trị tài sản của Quỹ % of total asset
A18: I | B18: CỔ PHIẾU NIÊM YẾT LISTED EQUITY | C18: 2246
B19: EIB | C19: 2246.1 | D19: 10000 | E19: 17050 | F19: 170500000 | G19: 0.0031554792
B20: HHV | C20: 2246.2 | D20: 57750 | E20: 9060 | F20: 523215000 | G20: 0.0096832495
B21: HSG | C21: 2246.3 | D21: 161200 | E21: 10000 | F21: 1612000000 | G21: 0.029833621
B22: KBC | C22: 2246.4 | D22: 10000 | E22: 25400 | F22: 254000000 | G22: 0.0047008311
B23: MBS | C23: 2246.5 | D23: 69000 | E23: 15600 | F23: 1076400000 | G23: 0.01992116
B24: MSN | C24: 2246.6 | D24: 5000 | E24: 69000 | F24: 345000000 | G24: 0.0063849872
B25: SSI | C25: 2246.7 | D25: 28800 | E25: 20100 | F25: 578880000 | G25: 0.010713453
B26: VIX | C26: 2246.8 | D26: 33600 | E26: 12300 | F26: 413280000 | G26: 0.0076486594
B27: VPB | C27: 2246.9 | D27: 63020 | E27: 23400 | F27: 1474668000 | G27: 0.027291989
B28: TỔNG TOTAL | C28: 2247 | D28: 438370 | E28: 0 | F28: 6447943000 | G28: 0.11933343
A29: II | B29: CỔ PHIẾU CHƯA NIÊM YẾT UNLISTED EQUITY | C29: 2248 | D29: 0 | E29: 0 | F29: 0
B30: TỔNG TOTAL | C30: 2249 | D30: 0 | F30: 0 | G30: =+F30/$F$68 -> 0
B31: TỔNG CÁC LOẠI CỔ PHIẾU TOTAL | C31: 2250 | D31: 438370 | F31: 6447943000 | G31: 0.11933343
A32: III | B32: TRÁI PHIẾU BONDS | C32: 2251
A33: 1 | B33: Trái phiếu niêm yết Listed bond | C33: 2251.1
C34: 2251.1 | G34: =+F34/$F$68 -> 0
C35: 2251.1 | G35: =+F35/$F$68 -> 0
C36: 2251.1 | G36: =+F36/$F$68 -> 0
C37: 2251.1 | G37: =+F37/$F$68 -> 0
B38: BAF126003 | C38: 2251.1.1 | D38: 11 | E38: 100120529 | F38: 1101325819 | G38: 0.020382467
B39: CII425021 | C39: 2251.1.2 | D39: 38300 | E39: 109438 | F39: 4191475400 | G39: 0.077572512
B40: CII426028 | C40: 2251.1.3 | D40: 16720 | E40: 93765 | F40: 1567750800 | G40: 0.029014692
B41: CMX123035 | C41: 2251.1.4 | D41: 70000 | E41: 100890 | F41: 7062300000 | G41: 0.13070346
B42: MSN123008 | C42: 2251.1.5 | D42: 50000 | E42: 100719 | F42: 5035950000 | G42: 0.09320138
B43: TDP124010 | C43: 2251.1.6 | D43: 90000 | E43: 100431 | F43: 9038790000 | G43: 0.16728278
B44: TNG124027 | C44: 2251.1.7 | D44: 70634 | E44: 100000 | F44: 7063400000 | G44: 0.13072382
B45: VPI124001 | C45: 2251.1.8 | D45: 50000 | E45: 99977 | F45: 4998850000 | G45: 0.092514763
A46: 2 | B46: Trái phiếu chưa niêm yết Unlisted bond | C46: 2251.2
B47: TỔNG TOTAL | C47: 2252 | D47: 385665 | F47: 40059842019 | G47: 0.74139588
A48: IV | B48: CÁC LOẠI CHỨNG KHOÁN KHÁC OTHER SECURITIES | C48: 2253
A49: 1 | B49: Quyền mua Rights | C49: 2253.1
C50: 2253.1.1 | D50: 0 | E50: 0 | F50: =+BCTaiSan_06027!D32 -> 0 | G50: =F50/$F$68 -> 0
B51: TỔNG TOTAL | C51: 2254 | D51: =+D50 -> 0 | F51: =+F50 -> 0 | G51: =+F51/F68 -> 0
B52: TỔNG CÁC LOẠI CHỨNG KHOÁN SECURITIES INVESTMENT TOTAL | C52: 2255 | D52: 824035 | F52: 46507785019 | G52: 0.86072931
A53: V | B53: CÁC TÀI SẢN KHÁC OTHER ASSETS | C53: 2256
A54: 1 | B54: Cổ tức được nhận Dividend receivables | C54: 2256.1 | F54: 0 | G54: 0
A55: 2 | B55: Lãi trái phiếu được nhận Coupon receivables | C55: 2256.2 | F55: 422911193 | G55: 0.0078269059
A56: 3 | B56: Lãi tiền gửi được nhận Interest receivables from deposits | C56: 2256.3 | F56: 550685 | G56: 1.0191642e-05
A57: 4 | B57: Phải thu lãi chứng chỉ tiền gửi ghi danh Interest receivable from registered Deposit Certificate | C57: 2256.4 | F57: 0 | G57: 0 | I57: Tach lai CD va TD
A58: 5 | B58: Tiền bán chứng khoán chờ thu Outstanding Settlement of sales transactions | C58: 2256.5 | F58: 0 | G58: 0
A59: 6 | B59: Phải thu khác Other receivables | C59: 2256.6 | F59: 0 | G59: 0
A60: 7 | B60: Tài sản khác Other investments | C60: 2256.7 | G60: 0
B61: TỔNG TOTAL | C61: 2257 | F61: 423461878 | G61: 0.0078370976
A62: VI | B62: TIỀN CASH | C62: 2258
A63: 1 | B63: Tiền, tương đương tiền Cash, Cash Equivalents | C63: 2259 | F63: 7101751281 | G63: 0.1314336
A64: 2 | B64: Tiền gửi ngân hàng có kỳ hạn trên 03 tháng Deposits with term over three (03) months | C64: 2260 | F64: 0 | G64: 0
A65: 3 | B65: Chứng chỉ tiền gửi Certificate of deposit | C65: 2261 | F65: 0 | G65: 0
A66: 4 | B66: Công cụ chuyển nhượng… Registered certificate of deposit | C66: 2262 | F66: 0 | G66: 0
B67: TỔNG TOTAL | C67: 2263 | F67: 7101751281 | G67: 0.1314336
A68: VII | B68: Tổng giá trị danh mục Total value of portfolio | C68: 2264 | F68: 54032998178 | G68: 1 | I68: checking | J68: =+F68-BCTaiSan_06027!D42 -> 0
I69: 77161857907
I70: 0
A71: Đại diện có thẩm quyền của Ngân hàng giám sát | E71: Đại diện có thẩm quyền của Công ty quản lý Quỹ
A72: Authorised Representative of Supervisory Bank | E72: Authorised Representative of Fund Management Company
A84: NH TMCP Đầu tư và Phát triển Việt Nam CN Nam Kỳ Khởi Nghĩa | E84: Công Ty Cổ Phần Quản Lý Quỹ HD
A85: Nguyễn Thị Minh Châu | E85: Nguyễn Thành Long
A86: Phó giám đốc chi nhánh | E86: Tổng Giám Đốc

Sheet BCHoatDongVay_06026
A1: Phụ lục XXVI. Mẫu báo cáo về hoạt động của Quỹ Appendix XXVI. Report on Fund's Operation
A2: (Ban hành kèm theo Thông tư số 98/2020/TT-BTC ngày 16 tháng 11 năm 2020 của Bộ trưởng Bộ Tài Chính về hướng dẫn hoạt động và quản lý quỹ đầu tư chứng khoán (Issued in association with Circular 98/2020/TT-BTC dated 16 November 2020 of the Minister of Finance on guiding the operation and management of the securities investment funds)
A3: BÁO CÁO HOẠT ĐỘNG ĐẦU TƯ CỦA QUỸ MỞ REPORT ON FUND'S INVESTMENT ACTIVITIES
A4: Tháng 09 năm 2026/ September 2026
A6: Tên Quỹ: | G6: Quỹ đầu tư trái phiếu lợi tức cao HD
A7: Fund name: | G7: HD High Yield Bond Fund (HDBond)
A8: Tên Công ty quản lý quỹ: | G8: Công Ty Cổ Phần Quản Lý Quỹ HD
A9: Fund Management Company: | G9: HD Capital Joint Stock Company
A10: Tên ngân hàng giám sát: | G10: Ngân hàng TMCP Đầu tư và Phát triển Việt Nam Chi nhánh Nam Kỳ Khởi Nghĩa
A11: Supervising bank: | G11: Bank for Investment and Development of VietNam JSC - Nam Ky Khoi Nghia Branch
A12: Ngày lập báo cáo: | G12: Ngày 06 tháng 10 năm 2026
A13: Reporting Date: | G13: 46301
A14: A. | B14: BÁO CÁO CHUNG VỀ HOẠT ĐỘNG ĐẦU TƯ CỦA QUỸ/GENERAL INFORMATION ON FUND'S INVESTMENT ACTIVITIES
A15: IV | B15: BÁO CÁO HOẠT ĐỘNG VAY, GIAO DỊCH MUA BÁN LẠI / REPORT ON BORROWING OPERATION, REPO/REVERSE REPO TRANSACTIONS
A16: STT No. | B16: Nội dung hoạt động (nêu chi tiết theo mục tiêu và đối tác) Description | C16: Mã chỉ tiêu Code | D16: Đối tác Counterparty | E16: Mục tiêu/Tài sản đảm bảo Collateral | F16: Kỳ hạn Term | G16: Giá trị khoản vay hoặc khoản cho vay Amount | H16: Thời điểm giao dịch As at transaction date | J16: Thời điểm báo cáo As at reporting date
H17: Ngày tháng năm Date | I17: Tỷ lệ giá trị hợp đồng/giá trị tài sản ròng của quỹ Balance/NAV | J17: Ngày tháng năm Date | K17: Tỷ lệ giá trị hợp đồng/giá trị tài sản ròng của quỹ Balance/NAV
A18: 1 | B18: Các khoản vay tiền (nêu chi tiết từng hợp đồng) Borrowings (detail by each contract) | C18: 2287
A19: I | B19: Tổng giá trị các khoản vay tiền/giá trị tài sản ròng Borrowings/NAV | C19: 2288
A20: 2 | B20: Hợp đồng Repo (nêu chi tiết từng hợp đồng) Repo contract (detail by each contract) | C20: 2289
A21: II | B21: Tổng giá trị các hợp đồng Repo/giá trị tài sản ròng Total value of Repo contracts/NAV | C21: 2290
A22: A | B22: Tổng giá trị các khoản vay/giá trị tài sản ròng (=I+II) Total Borrowings, Repo/NAV (=I+II) | C22: 2291
A23: 3 | B23: Cho vay chứng khoán (nêu chi tiết từng hợp đồng) Securities lending (detail by each contract) | C23: 2292
A24: III | B24: Tổng giá trị các hợp đồng/giá trị tài sản ròng Total contract value/NAV | C24: 2293
A25: 4 | B25: Hợp đồng Reverse Repo (nêu chi tiết từng hợp đồng) Reverse Repo contract (Detail by each contract) | C25: 2295
A26: IV | B26: Tổng giá trị các hợp đồng/giá trị tài sản ròng Total contract value/NAV | C26: 2296
A27: B | B27: Tổng giá trị các khoản cho vay/giá trị tài sản ròng (=III + IV) Total Loans/NAV (=III + IV) | C27: 2297
A30: * Ghi chú: kỳ báo cáo không phát sinh
A32: Đại diện có thẩm quyền của Ngân hàng giám sát | I32: Đại diện có thẩm quyền của Công ty quản lý Quỹ
A33: Authorised Representative of Supervisory Bank | I33: Authorised Representative of Fund Management Company
A44: Ngân hàng TMCP Đầu tư và Phát triển Việt Nam Chi nhánh Nam Kỳ Khởi Nghĩa | I44: Công Ty Cổ Phần Quản Lý Quỹ HD
A45: Nguyễn Thị Minh Châu | I45: Nguyễn Thành Long
A46: Phó giám đốc chi nhánh | I46: Tổng Giám Đốc

Sheet Khac_06030
A1: Phụ lục XXVI. Mẫu báo cáo về hoạt động của Quỹ Appendix XXVI. Report on Fund's Operation
A2: (Ban hành kèm theo Thông tư số 98/2020/TT-BTC ngày 16 tháng 11 năm 2020 của Bộ trưởng Bộ Tài Chính về hướng dẫn hoạt động và quản lý quỹ đầu tư chứng khoán (Issued in association with Circular 98/2020/TT-BTC dated 16 November 2020 of the Minister of Finance on guiding the operation and management of the securities investment funds)
A3: BÁO CÁO HOẠT ĐỘNG ĐẦU TƯ CỦA QUỸ MỞ REPORT ON FUND'S INVESTMENT ACTIVITIES
A5: Tháng 09 năm 2026/ September 2026
A7: Tên Quỹ: | C7: Quỹ đầu tư trái phiếu lợi tức cao HD
A8: Fund name: | C8: HD High Yield Bond Fund (HDBond)
A9: Tên Công ty quản lý quỹ: | C9: Công Ty Cổ Phần Quản Lý Quỹ HD
A10: Fund Management Company | C10: HD Capital Joint Stock Company
A11: Tên ngân hàng giám sát: | C11: Ngân hàng TMCP Đầu tư và Phát triển Việt Nam Chi nhánh Nam Kỳ Khởi Nghĩa
A12: Supervising bank: | C12: Bank for Investment and Development of VietNam JSC - Nam Ky Khoi Nghia Branch
A13: Ngày lập báo cáo: | C13: Ngày 06 tháng 10 năm 2026
A14: Reporting Date: | C14: 46301
A15: A. | B15: BÁO CÁO CHUNG VỀ HOẠT ĐỘNG ĐẦU TƯ CỦA QUỸ/GENERAL INFORMATION ON FUND'S INVESTMENT ACTIVITIES
A16: V | B16: MỘT SỐ CHỈ TIÊU KHÁC / OTHER INDICATORS
A17: STT/No. | B17: Chỉ tiêu/Indicators | C17: Mã chỉ tiêu/Code | D17: Tháng 09 năm 2026 September 2026 | E17: Tháng 08 năm 2026 August 2026
A18: I | B18: CÁC CHỈ TIÊU VỀ HIỆU QUẢ HOẠT ĐỘNG INVESTMENT PERFORMANCE INDICATORS | C18: 2264
A19: 1 | B19: Tỷ lệ giá dịch vụ quản lý quỹ trả cho công ty quản lý quỹ/Giá trị tài sản ròng trung bình trong kỳ (%) Management fee paid to the fund management company/Average NAV (%) | C19: 2265 | D19: 0.009363688 | E19: 0.0096910394
A20: 2 | B20: Tỷ lệ giá dịch vụ lưu ký, giám sát trả cho Ngân hàng Giám sát/Giá trị tài sản ròng trung bình trong kỳ (%) Custody and supervising fees paid to the Supervisory Bank/Average NAV (%) | C20: 2266 | D20: 0.0045858986 | E20: 0.0046248305
A21: 3 | B21: Tỷ lệ chi phí dịch vụ quản trị quỹ, và các chi phí khác mà công ty quản lý quỹ trả cho tổ chức cung cấp dịch vụ có liên quan/Giá trị tài sản ròng của quỹ trung bình trong kỳ (%) Fund admin fee, and other fees paid to relating services providers by the fund management company/Average NAV (%) | C21: 22661 | D21: 0.0065835119 | E21: 0.0066091412
A22: 4 | B22: Chi phí kiểm toán trả cho tổ chức kiểm toán (nếu phát sinh) / Giá trị tài sản ròng trung bình trong kỳ (%) Audit fee expense over average NAV ratio (%) | C22: 2267 | D22: 0.0025579792 | E22: 0.002653535
A23: 5 | B23: Chi phí dịch vụ tư vấn pháp lý, dịch vụ báo giá và các dịch vụ hợp lý khác, thù lao trả cho ban đại diện quỹ / Giá trị tài sản ròng trung bình trong kỳ (%) Legal consultancy, OTC price quotation and other valid service fees; Board of Representatives' remuneration expense over average NAV ratio (%) | C23: 2268 | D23: 0.0012288081 | E23: 0.0012607037
A24: 6 | B24: Tỷ lệ chi phí /Giá trị tài sản ròng trung bình trong kỳ (%) Expense/Average NAV (%) | C24: 2269 | D24: 0.024330858 | E24: 0.025089628
A25: 7 | B25: Tốc độ vòng quay danh mục trong kỳ (%) = (Tổng giá trị mua vào + tổng giá trị bán ra) x 100%/ (2 x Giá trị tài sản ròng trung bình trong kỳ) Portfolio turnover rate (%) = (Total value of purchase transactions + total value of sales transactions) x 100%/ (2 x Average NAV) (**) | C25: 2270 | D25: 0 | E25: 0.53393111 | F25: 0
A26: II | B26: CÁC CHỈ TIÊU KHÁC OTHER INDICATORS | C26: 2272
A27: 1 | B27: Quy mô quỹ đầu kỳ (tính theo mệnh giá chứng chỉ quỹ) Fund scale at the beginning of the period (based on par value of fund certificate) | C27: 2273 | D27: 4.4427802e+10 | E27: 4.4438698e+10
B28: Tổng giá trị chứng chỉ quỹ đang lưu hành đầu kỳ Total value of outstanding Fund Certificate at the beginning of period | C28: 2274 | D28: 4.4427802e+10 | E28: 4.4438698e+10
B29: Tổng số lượng đơn vị quỹ đang lưu hành đầu kỳ Total number of outstanding Fund Certificate at the beginning of period | C29: 2275 | D29: 4442780.2 | E29: 4443869.8
A30: 2 | B30: Thay đổi quy mô quỹ trong kỳ (tính theo mệnh giá chứng chỉ quỹ) Change of Fund scale during the period (based on par value of fund certificate) | C30: 2276 | D30: -62726200 | E30: -10895900
B31: Thay đổi số lượng chứng chỉ quỹ trong kỳ Change of Number of Fund Certificates during the period | C31: 2276.1 | D31: -6272.62 | E31: -1089.59
B32: Thay đổi giá trị vốn trong kỳ (theo mệnh giá) Change in capital amount during the period (based on par value) | C32: 2276.2 | D32: -62726200 | E32: -10895900
B33: Số lượng đơn vị quỹ phát hành thêm trong kỳ Number of Fund Certificates subscribed during the period | C33: 2277 | D33: 9531.75 | E33: 11011.7
B34: Giá trị vốn huy động thêm trong kỳ (theo mệnh giá) Net subscription amount in period (based on par value) | C34: 2278 | D34: 95317500 | E34: 110117000
B35: Số lượng đơn vị quỹ mua lại trong kỳ Number of Fund Certificates redeemed during the period | C35: 22781 | D35: -15804.37 | E35: -12101.29
B36: Giá trị vốn phải thanh toán trong kỳ khi đáp ứng lệnh của nhà đầu tư (theo mệnh giá) Net redemption amount in period (based on par value) | C36: 22782 | D36: -158043700 | E36: -1.210129e+08
A37: 3 | B37: Quy mô quỹ cuối kỳ (tính theo mệnh giá chứng chỉ quỹ) Fund scale at the end of the period (based on par value of fund unit) | C37: 2279 | D37: 4.4365076e+10 | E37: 4.4427802e+10
B38: Tổng giá trị chứng chỉ quỹ đang lưu hành cuối kỳ Total value of outstanding Fund Certificate at the end of the period | C38: 2280 | D38: 4.4365076e+10 | E38: 4.4427802e+10
B39: Tổng số lượng đơn vị quỹ đang lưu hành cuối kỳ Total number of outstanding Fund Certificate at the end of the period | C39: 2281 | D39: 4436507.6 | E39: 4442780.2
A40: 4 | B40: Tỷ lệ nắm giữ chứng chỉ quỹ của công ty quản lý quỹ và người có liên quan cuối kỳ Fund Management Company and related parties' ownership ratio at the end of the period | C40: 2282 | D40: 1.32627e-05 | E40: 1.32439e-05
A41: 5 | B41: Tỷ lệ nắm giữ chứng chỉ quỹ của 10 nhà đầu tư lớn nhất cuối kỳ Top 10 investors' ownership ratio at the end of the period | C41: 2283 | D41: 0.93670958 | E41: 0.93536218
A42: 6 | B42: Tỷ lệ nắm giữ chứng chỉ quỹ của nhà đầu tư nước ngoài cuối kỳ Foreign investors' ownership ratio at the end of the period | C42: 2284 | D42: 0 | E42: 0
A43: 7 | B43: Giá trị tài sản ròng trên một đơn vị quỹ cuối tháng Net asset value per Fund Certificate at the end of period | C43: 2285 | D43: 12148.53 | E43: 12292.77
A44: 8 | B44: Số nhà đầu tư tham gia vào quỹ, kể cả giao dịch ký danh Number of investors of the Fund at the end of the period | C44: 22841 | D44: 2014 | E44: 2067
A46: Ghi chú/ Notes:
B47: Các chỉ tiêu từ 1 đến 7 của "Chỉ tiêu về hiệu quả hoạt động" cột kỳ trước đã được điều chỉnh để phản ánh số liệu trên cơ sở hoạt động tròn năm bằng cách nhân các chỉ tiêu này với 12. All Indicators starting from number 1 to 7 of "Investment performance indicators" at last period column are annualized to reflect a rate that is based on a full year operation by multiplying these indicators with 12.
A49: Đại diện có thẩm quyền của Ngân hàng giám sát | D49: Đại diện có thẩm quyền của Công ty quản lý Quỹ
A50: Authorised Representative of Supervisory Bank | D50: Authorised Representative of Fund Management Company
A62: Ngân hàng TMCP Đầu tư và Phát triển Việt Nam Chi nhánh Nam Kỳ Khởi Nghĩa | D62: Công Ty Cổ Phần Quản Lý Quỹ HD
A63: Nguyễn Thị Minh Châu | D63: Nguyễn Thành Long
A64: Phó giám đốc chi nhánh | D64: Tổng Giám Đốc

Sheet TB 30092015
E2: GENERAL LEDGER TRIAL BALANCE
E3: Fund | F3: VCAMBF | G3: VIET CAPITAL BALANCED FU Page : | H3: 1/2
A4: General Ledger Trail Balance To | E4: 31/10/2015 00:00 Currency VND | G4: DONG Report | H4: : SHJNA102
G5: 03/11/2015 10:57
E6: Nav Type Official | G6: Historical
A7: Account | B7: IFRS Suff Acc | D7: Maturity | E7: Description | G7: - - - - - - - - - - - - - Balance - - - | H7: - - - - - - - - - -
B8: Class | C8: Ccy | D8: Date | G8: Account Ccy | H8: Fund CcyVND
A9: 101100 | C9: VND | E9: Investment - Equities | F9: VND | G9: 27189959504 | H9: 27189959504
A10: 110100 | C10: VND | D10: 09/11/2015 | E10: Bank Deposits | F10: VND | G10: 5000000000 | H10: 5000000000
A11: 110100 | C11: VND | D11: 12/11/2015 | E11: Bank Deposits | F11: VND | G11: 7000000000 | H11: 7000000000
A12: 110100 | C12: VND | D12: 16/11/2015 | E12: Bank Deposits | F12: VND | G12: 4000000000 | H12: 4000000000
A13: 110100 | C13: VND | D13: 30/12/2015 | E13: Bank Deposits | F13: VND | G13: 13000000000 | H13: 13000000000
A14: 132100 | B14: 7 | C14: VND | E14: Dividend Receivable | F14: VND | G14: 112800000 | H14: 112800000
A15: 132150 | B15: 7 | C15: VND | E15: Due From Broker - Equities | F15: VND | G15: 3088160800 | H15: 3088160800
A16: 140130 | B16: 7 | C16: VND | E16: Cash in Bank STANDARD | F16: VND | G16: 6452337403 | H16: 6452337403
E17: CHARTERED BANK VIETNAM
A18: 152190 | B18: - | C18: VND | E18: Int Accrual - Deposit | F18: VND | G18: 103038889 | H18: 103038889
A19: 161100 | B19: - | C19: VND | E19: Prov Unr P/L - Equities | F19: VND | G19: -1452309804 | H19: -1452309804
A20: 161120 | B20: - | C20: VND | E20: Prov Unr P/L - Rights | F20: VND | G20: 349680000 | H20: 349680000
A21: 212150 | B21: 7 | C21: VND | E21: Due to Broker - Equity | F21: VND | G21: -1492792250 | H21: -1492792250
A22: 212222 | B22: - | C22: VND | E22: Payable WHT Tax | F22: VND | G22: -6000000 | H22: -6000000
A23: 213103 | B23: - | C23: VND | E23: Exp Accrual - Admin Fee | F23: VND | G23: -11180000 | H23: -11180000
A24: 213105 | B24: - | C24: VND | E24: Exp Accrual - Audit Fee | F24: VND | G24: -91616438 | H24: -91616438
A25: 213107 | B25: - | C25: VND | E25: Exp Accrual - Custody Fee | F25: VND | G25: -10750000 | H25: -10750000
A26: 213108 | B26: - | C26: VND | E26: Exp Accrual - Directors Fee | F26: VND | G26: -5400000 | H26: -5400000
A27: 213110 | B27: - | C27: VND | E27: Exp Accrual - Fund Svces Fee | F27: VND | G27: -19565000 | H27: -19565000
A28: 213128 | B28: - | C28: VND | E28: Exp Accrual - Transaction Fee | F28: VND | G28: -9600000 | H28: -9600000
A29: 213129 | B29: - | C29: VND | E29: Exp Accrual - Transfer Agt Fee | F29: VND | G29: -11000000 | H29: -11000000
A30: 213154 | B30: - | C30: VND | E30: Exp Accrual - Other Expense | F30: VND | G30: -8328773 | H30: -8328773
A31: 213500 | B31: - | C31: VND | E31: Exp Accrual - Management | F31: VND | G31: -47698050 | H31: -47698050
E32: Fee
A33: 301000 | B33: - | C33: VND | E33: Capital - Subscription | F33: VND | G33: -60597958652 | H33: -60597958652
A34: 302000 | B34: - | C34: VND | E34: Capital - Redemption | F34: VND | G34: 1056863400 | H34: 1056863400
A35: 303102 | B35: - | C35: VND | E35: Unit Premium Reserve | F35: VND | G35: -191086976 | H35: -191086976
A36: 390000 | B36: - | C36: VND | E36: RETAIN EARNINGS | F36: VND | G36: 567698805 | H36: 567698805
A37: 411100 | B37: - | C37: VND | E37: R/L G/P - Equities | F37: VND | G37: -7655111543 | H37: -7655111543
A38: 431100 | B38: - | C38: VND | E38: UR/L G/P - Equities | F38: VND | G38: -1.9763784e+09 | H38: -1.9763784e+09
A39: 431120 | B39: - | C39: VND | E39: UR/L G/P - Rights | F39: VND | G39: -349680000 | H39: -349680000
A40: 441100 | B40: - | C40: VND | E40: UR/L G/FX - Equities | F40: VND | G40: -0.14 | H40: -0.14
A41: 451100 | B41: - | C41: VND | E41: Dividend Income - Equities | F41: VND | G41: -1971571000 | H41: -1971571000
A42: 452190 | B42: - | C42: VND | E42: Int Income - Deposit | F42: VND | G42: -839661113 | H42: -839661113
A43: 511100 | B43: - | C43: VND | E43: R/L L/P - Equities | F43: VND | G43: 7377336200 | H43: 7377336200
A44: 553002 | B44: - | C44: VND | E44: Other Expenses | F44: VND | G44: 832700 | H44: 832700
... A57: 555167 | B57: - | C57: VND | E57: Annual Fee Expense | F57: VND | G57: 18328773 | H57: 18328773
E59: GENERAL LEDGER TRIAL BALANCE
E60: Fund | F60: VCAMBF VIET CAPITAL BALANCED FU | G60: Page : | H60: 2/2
A61: General Ledger Trail Balance To | E61: 31/10/2015 00:00 Currency VND | G61: DONG Report | H61: : SHJNA102
G62: 03/11/2015 10:57
E63: Nav Type Official | G63: Historical
A64: Account | B64: IFRS Suff Acc | D64: Maturity | E64: Description | G64: - - - - - - - - - - - - - Balance - - - | H64: - - - - - - - - - -
B65: Class | C65: Ccy | D65: Date | G65: Account Ccy | H65: Fund CcyVND
G66: Closing Balance | H66: 0
G67: Total Debits | H67: 76747687956
G68: Total Credits | H68: 76747687956
G69: Total Asset and Liabilities | H69: 63129736281
G70: Total Capital and PL | H70: -63129736281
G71: Total Off Balance | H71: 0

Sheet THU NHAP
A1: Chỉ tiêu | B1: Mã số | C1: Thuyết minh | D1: Năm N | F1: Năm N-1
D2: Kỳ này | E2: Kỳ trước | F2: Kỳ này | G2: Kỳ trước
A3: I. THU NHẬP, DOANH THU HOẠT ĐỘNG ĐẦU TƯ | B3: 01 | D3: =+VLOOKUP(B3,BCThuNhap_06203!$B$18:$G$73,3,0) -> -530784065 | E3: =+VLOOKUP(B3,BCThuNhap_06203!$B$18:$G$73,4,0) -> 548726003 | F3: =+VLOOKUP(B3,BCThuNhap_06203!$B$18:$G$73,5,0) -> 263148560 | G3: =+VLOOKUP(B3,BCThuNhap_06203!$B$18:$G$73,6,0) -> 3815857669
A4: 1.1. Cổ tức được chia | B4: 02 | D4: =+VLOOKUP(B4,BCThuNhap_06203!$B$18:$G$73,3,0) -> 334946294 | E4: =+VLOOKUP(B4,BCThuNhap_06203!$B$18:$G$73,4,0) -> 3348066789 | F4: =+VLOOKUP(B4,BCThuNhap_06203!$B$18:$G$73,5,0) -> 354556710 | G4: =+VLOOKUP(B4,BCThuNhap_06203!$B$18:$G$73,6,0) -> 2599274399
A5: 1.2. Tiền lãi được nhận | B5: 03 | D5: =+VLOOKUP(B5,BCThuNhap_06203!$B$18:$G$73,3,0) -> 2797897 | E5: =+VLOOKUP(B5,BCThuNhap_06203!$B$18:$G$73,4,0) -> 23264710 | F5: =+VLOOKUP(B5,BCThuNhap_06203!$B$18:$G$73,5,0) -> 2589348 | G5: =+VLOOKUP(B5,BCThuNhap_06203!$B$18:$G$73,6,0) -> 395737132
A6: 1.3. Lãi, lỗ bán các khoản đầu tư | B6: 04 | D6: =+VLOOKUP(B6,BCThuNhap_06203!$B$18:$G$73,3,0) -> 0 | E6: =+VLOOKUP(B6,BCThuNhap_06203!$B$18:$G$73,4,0) -> 176139983 | F6: =+VLOOKUP(B6,BCThuNhap_06203!$B$18:$G$73,5,0) -> 10600000 | G6: =+VLOOKUP(B6,BCThuNhap_06203!$B$18:$G$73,6,0) -> 328704732
A7: 1.4. Chênh lệch tăng, giảm đánh giá lại các khoản đầu tư chưa thực hiện | B7: 05 | D7: =+VLOOKUP(B7,BCThuNhap_06203!$B$18:$G$73,3,0) -> -868528256 | E7: =+VLOOKUP(B7,BCThuNhap_06203!$B$18:$G$73,4,0) -> -2998745479 | F7: =+VLOOKUP(B7,BCThuNhap_06203!$B$18:$G$73,5,0) -> -104597498 | G7: =+VLOOKUP(B7,BCThuNhap_06203!$B$18:$G$73,6,0) -> 492141406
A8: 1.5. Doanh thu khác | B8: 06 | D8: =+VLOOKUP(B8,BCThuNhap_06203!$B$18:$G$73,3,0) -> 0 | E8: =+VLOOKUP(B8,BCThuNhap_06203!$B$18:$G$73,4,0) -> 0 | F8: =+VLOOKUP(B8,BCThuNhap_06203!$B$18:$G$73,5,0) -> 0 | G8: =+VLOOKUP(B8,BCThuNhap_06203!$B$18:$G$73,6,0) -> 0
A9: 1.6. Chênh lệch lãi, lỗ tỷ giá hối đoái đã và chưa thực hiện | B9: 07 | D9: =+VLOOKUP(B9,BCThuNhap_06203!$B$18:$G$73,3,0) -> 0 | E9: =+VLOOKUP(B9,BCThuNhap_06203!$B$18:$G$73,4,0) -> 0 | F9: =+VLOOKUP(B9,BCThuNhap_06203!$B$18:$G$73,5,0) -> 0 | G9: =+VLOOKUP(B9,BCThuNhap_06203!$B$18:$G$73,6,0) -> 0
A10: 1.7. Doanh thu khác về đầu tư | B10: 08 | D10: =+VLOOKUP(B10,BCThuNhap_06203!$B$18:$G$73,3,0) -> 0 | E10: =+VLOOKUP(B10,BCThuNhap_06203!$B$18:$G$73,4,0) -> 0 | F10: =+VLOOKUP(B10,BCThuNhap_06203!$B$18:$G$73,5,0) -> 0 | G10: =+VLOOKUP(B10,BCThuNhap_06203!$B$18:$G$73,6,0) -> 0
A11: 1.8. Dự phòng nợ phải thu và dự thu khó đòi về cổ tức, tiền lãi và xử lý tổn thất nợ phải thu khó đòi về cổ tức, tiền lãi | B11: 09 | D11: =+VLOOKUP(B11,BCThuNhap_06203!$B$18:$G$73,3,0) -> 0 | E11: =+VLOOKUP(B11,BCThuNhap_06203!$B$18:$G$73,4,0) -> 0 | F11: =+VLOOKUP(B11,BCThuNhap_06203!$B$18:$G$73,5,0) -> 0 | G11: =+VLOOKUP(B11,BCThuNhap_06203!$B$18:$G$73,6,0) -> 0
A12: II. CHI PHÍ ĐẦU TƯ | B12: 10 | D12: =+VLOOKUP(B12,BCThuNhap_06203!$B$18:$G$73,3,0) -> 0 | E12: =+VLOOKUP(B12,BCThuNhap_06203!$B$18:$G$73,4,0) -> 3362863 | F12: =+VLOOKUP(B12,BCThuNhap_06203!$B$18:$G$73,5,0) -> 4617000 | G12: =+VLOOKUP(B12,BCThuNhap_06203!$B$18:$G$73,6,0) -> 54459925
A13: 2.1. Chi phí giao dịch mua, bán các khoản đầu tư | B13: 11 | D13: =+VLOOKUP(B13,BCThuNhap_06203!$B$18:$G$73,3,0) -> 0 | E13: =+VLOOKUP(B13,BCThuNhap_06203!$B$18:$G$73,4,0) -> 3362863 | F13: =+VLOOKUP(B13,BCThuNhap_06203!$B$18:$G$73,5,0) -> 4617000 | G13: =+VLOOKUP(B13,BCThuNhap_06203!$B$18:$G$73,6,0) -> 54459925
A14: 2.2.Chi phí dự phòng nợ phải thu khó đòi và xử lý tổn thất phải thu khó đòi | B14: 12 | D14: =+VLOOKUP(B14,BCThuNhap_06203!$B$18:$G$73,3,0) -> 0 | E14: =+VLOOKUP(B14,BCThuNhap_06203!$B$18:$G$73,4,0) -> 0 | F14: =+VLOOKUP(B14,BCThuNhap_06203!$B$18:$G$73,5,0) -> 0 | G14: =+VLOOKUP(B14,BCThuNhap_06203!$B$18:$G$73,6,0) -> 0
... A37: VIII. LỢI NHUẬN KẾ TOÁN SAU THUẾ TNDN (41 = 30 - 40) | B37: 41 | D37: =+VLOOKUP(B37,BCThuNhap_06203!$B$18:$G$73,3,0) -> -640547137 | E37: =+VLOOKUP(B37,BCThuNhap_06203!$B$18:$G$73,4,0) -> -452997823 | F37: =+VLOOKUP(B37,BCThuNhap_06203!$B$18:$G$73,5,0) -> 149072402 | G37: =+VLOOKUP(B37,BCThuNhap_06203!$B$18:$G$73,6,0) -> 2785338397

Sheet TAI CHINH
A1: Chỉ tiêu | B1: Mã số | C1: Thuyết minh | D1: Năm N | E1: Năm N-1
A2: I. TÀI SẢN | B2: I
A3: 1.Tiền gửi ngân hàng và tương đương tiền | B3: 110 | D3: =+VLOOKUP(B3,BCTinhHinhTaiChinh_06105!$B$18:$D$87,3,0) -> 7101751281 | E3: =+VLOOKUP(B3,BCTinhHinhTaiChinh_06105!$B$18:$E$87,4,0) -> 6994009457
A4: 1.1. Tiền gửi ngân hàng cho hoạt động của Quỹ mở | B4: 111 | D4: =+VLOOKUP(B4,BCTinhHinhTaiChinh_06105!$B$18:$D$87,3,0) -> 401751281 | E4: =+VLOOKUP(B4,BCTinhHinhTaiChinh_06105!$B$18:$E$87,4,0) -> 294009457
A5: 1.2. Tiền gửi có kỳ hạn dưới 3 tháng | B5: 112 | D5: =+VLOOKUP(B5,BCTinhHinhTaiChinh_06105!$B$18:$D$87,3,0) -> 6700000000 | E5: =+VLOOKUP(B5,BCTinhHinhTaiChinh_06105!$B$18:$E$87,4,0) -> 6700000000
A6: 2. Các khoản đầu tư thuần | B6: 120 | D6: =+VLOOKUP(B6,BCTinhHinhTaiChinh_06105!$B$18:$D$87,3,0) -> 46507785019 | E6: =+VLOOKUP(B6,BCTinhHinhTaiChinh_06105!$B$18:$E$87,4,0) -> 47376313275
A7: 2.1. Các khoản đầu tư | B7: 121 | D7: =+VLOOKUP(B7,BCTinhHinhTaiChinh_06105!$B$18:$D$87,3,0) -> 46507785019 | E7: =+VLOOKUP(B7,BCTinhHinhTaiChinh_06105!$B$18:$E$87,4,0) -> 47376313275
A8: 2.2. Dự phòng giảm giá tài sản nhận thế chấp | B8: 122 | D8: =+VLOOKUP(B8,BCTinhHinhTaiChinh_06105!$B$18:$D$87,3,0) -> 0 | E8: =+VLOOKUP(B8,BCTinhHinhTaiChinh_06105!$B$18:$E$87,4,0) -> 0
A9: 3. Các khoản phải thu | B9: 130 | D9: =+VLOOKUP(B9,BCTinhHinhTaiChinh_06105!$B$18:$D$87,3,0) -> 423461878 | E9: =+VLOOKUP(B9,BCTinhHinhTaiChinh_06105!$B$18:$E$87,4,0) -> 473009855
A10: 3.1 Phải thu về bán các khoản đầu tư | B10: 131 | D10: =+VLOOKUP(B10,BCTinhHinhTaiChinh_06105!$B$18:$D$87,3,0) -> 0 | E10: =+VLOOKUP(B10,BCTinhHinhTaiChinh_06105!$B$18:$E$87,4,0) -> 0
A11: Trong đó: Phải thu khó đòi về bán các khoản đầu tư | B11: 132
A12: 3.2. Phải thu và dự thu cổ tức, tiền lãi các khoản đầu tư | B12: 133 | D12: =+VLOOKUP(B12,BCTinhHinhTaiChinh_06105!$B$18:$D$87,3,0) -> 423461878 | E12: =+VLOOKUP(B12,BCTinhHinhTaiChinh_06105!$B$18:$E$87,4,0) -> 473009855
A13: 3.2.1. Phải thu cổ tức, tiền lãi đến ngày nhận | B13: 134 | D13: =+VLOOKUP(B13,BCTinhHinhTaiChinh_06105!$B$18:$D$87,3,0) -> 0 | E13: =+VLOOKUP(B13,BCTinhHinhTaiChinh_06105!$B$18:$E$87,4,0) -> 0
A14: Trong đó: Phải thu khó đòi về cổ tức, tiền lãi đến ngày nhận nhưng chưa nhận được | B14: 135
A15: 3.2.2 Dự thu cổ tức, tiền lãi chưa đến ngày nhận | B15: 136 | D15: =+VLOOKUP(B15,BCTinhHinhTaiChinh_06105!$B$18:$D$87,3,0) -> 423461878 | E15: =+VLOOKUP(B15,BCTinhHinhTaiChinh_06105!$B$18:$E$87,4,0) -> 473009855
A16: 3.3. Các khoản phải thu khác | B16: 137 | D16: =+VLOOKUP(B16,BCTinhHinhTaiChinh_06105!$B$18:$D$87,3,0) -> 0 | E16: =+VLOOKUP(B16,BCTinhHinhTaiChinh_06105!$B$18:$E$87,4,0) -> 0
A17: 3.4. Dự phòng nợ phải thu khó đòi (*) | B17: 138 | D17: =+VLOOKUP(B17,BCTinhHinhTaiChinh_06105!$B$18:$D$87,3,0) -> 0 | E17: =+VLOOKUP(B17,BCTinhHinhTaiChinh_06105!$B$18:$E$87,4,0) -> 0
A18: TỔNG TÀI SẢN | B18: 100 | D18: =+VLOOKUP(B18,BCTinhHinhTaiChinh_06105!$B$18:$D$87,3,0) -> 54032998178 | E18: =+VLOOKUP(B18,BCTinhHinhTaiChinh_06105!$B$18:$E$87,4,0) -> 54843332587
A19: II. NỢ PHẢI TRẢ | B19: II | D19: =+VLOOKUP(B19,BCTinhHinhTaiChinh_06105!$B$18:$D$87,3,0) -> 0 | E19: =+VLOOKUP(B19,BCTinhHinhTaiChinh_06105!$B$18:$E$87,4,0) -> 0
A20: 1. Vay ngắn hạn | B20: 311 | D20: =+VLOOKUP(B20,BCTinhHinhTaiChinh_06105!$B$18:$D$87,3,0) -> 0 | E20: =+VLOOKUP(B20,BCTinhHinhTaiChinh_06105!$B$18:$E$87,4,0) -> 0
A21: 2. Phải trả về mua các khoản đầu tư | B21: 312 | D21: =+VLOOKUP(B21,BCTinhHinhTaiChinh_06105!$B$18:$D$87,3,0) -> 0 | E21: =+VLOOKUP(B21,BCTinhHinhTaiChinh_06105!$B$18:$E$87,4,0) -> 0
A22: 3. Phải trả cho các Đại lý phân phối Chứng chỉ quỹ | B22: 313 | D22: =+VLOOKUP(B22,BCTinhHinhTaiChinh_06105!$B$18:$D$87,3,0) -> 498693 | E22: =+VLOOKUP(B22,BCTinhHinhTaiChinh_06105!$B$18:$E$87,4,0) -> 424499
A23: 4. Thuế và các khoản phải nộp Nhà nước | B23: 314 | D23: =+VLOOKUP(B23,BCTinhHinhTaiChinh_06105!$B$18:$D$87,3,0) -> 183252 | E23: =+VLOOKUP(B23,BCTinhHinhTaiChinh_06105!$B$18:$E$87,4,0) -> 142223
A24: 5.Phải trả thu nhập cho Nhà đầu tư | B24: 315 | D24: =+VLOOKUP(B24,BCTinhHinhTaiChinh_06105!$B$18:$D$87,3,0) -> 0 | E24: =+VLOOKUP(B24,BCTinhHinhTaiChinh_06105!$B$18:$E$87,4,0) -> 0
A25: 6. Chi phí phải trả | B25: 316 | D25: =+VLOOKUP(B25,BCTinhHinhTaiChinh_06105!$B$18:$D$87,3,0) -> 23731598 | E25: =+VLOOKUP(B25,BCTinhHinhTaiChinh_06105!$B$18:$E$87,4,0) -> 104928378
A26: 7. Phải trả cho Nhà đầu tư về mua Chứng chỉ quỹ | B26: 317 | D26: =+VLOOKUP(B26,BCTinhHinhTaiChinh_06105!$B$18:$D$87,3,0) -> 12966627 | E26: =+VLOOKUP(B26,BCTinhHinhTaiChinh_06105!$B$18:$E$87,4,0) -> 23959660
... A45: 4. Số lượng Chứng chỉ quỹ đang lưu hành | B45: 004 | D45: =+VLOOKUP(B45,BCTinhHinhTaiChinh_06105!$B$18:$D$87,3,0) -> 4436507.6 | E45: =+VLOOKUP(B45,BCTinhHinhTaiChinh_06105!$B$18:$E$87,4,0) -> 4442780.2

Sheet LCTT
A1: Chỉ tiêu | B1: Mã số | C1: Thuyết minh | D1: Năm N | E1: Năm N-1
A2: I. Lưu chuyển tiền từ hoạt động đầu tư | B2: I
A3: 1. Lợi nhuận trước Thuế thu nhập doanh nghiệp | B3: 01 | D3: =+VLOOKUP(B3,BCLCGT_06262!$B$19:$E$64,3,0) -> -640547137 | E3: =+VLOOKUP(B3,BCLCGT_06262!$B$19:$E$64,4,0) -> 1552642088
A4: 2. Điều chỉnh cho các khoản tăng giá trị tài sản ròng từ các hoạt động đầu tư | B4: 02 | D4: =+VLOOKUP(B4,BCLCGT_06262!$B$19:$E$64,3,0) -> 781787991 | E4: =+VLOOKUP(B4,BCLCGT_06262!$B$19:$E$64,4,0) -> 161602691
A5: (- lãi) hoặc (+ lỗ) chênh lệch tỷ giá hối đoái chưa thực hiện | B5: 03 | D5: =+VLOOKUP(B5,BCLCGT_06262!$B$19:$E$64,3,0) -> 868528256 | E5: =+VLOOKUP(B5,BCLCGT_06262!$B$19:$E$64,4,0) -> 119385468
A6: (+) chi phí trích trước | B6: 04 | D6: =+VLOOKUP(B6,BCLCGT_06262!$B$19:$E$64,3,0) -> -86740265 | E6: =+VLOOKUP(B6,BCLCGT_06262!$B$19:$E$64,4,0) -> 42217223
A7: 3. Lợi nhuận từ hoạt động đầu tư trước thay đổi vốn lưu động | B7: 05 | D7: =+VLOOKUP(B7,BCLCGT_06262!$B$19:$E$64,3,0) -> 141240854 | E7: =+VLOOKUP(B7,BCLCGT_06262!$B$19:$E$64,4,0) -> 1714244779
A8: (-) Tăng, (+) giảm các khoản đầu tư | B8: 20 | D8: =+VLOOKUP(B8,BCLCGT_06262!$B$19:$E$64,3,0) -> 0 | E8: =+VLOOKUP(B8,BCLCGT_06262!$B$19:$E$64,4,0) -> -45936737791
A9: (-) Tăng, (+) giảm phải thu bán chứng khoán đầu tư | B9: 06 | D9: =+VLOOKUP(B9,BCLCGT_06262!$B$19:$E$64,3,0) -> 0 | E9: =+VLOOKUP(B9,BCLCGT_06262!$B$19:$E$64,4,0) -> 0
A10: (-) Tăng, (+) giảm dự thu phải thu tiền lãi các khoản đầu tư | B10: 07 | D10: =+VLOOKUP(B10,BCLCGT_06262!$B$19:$E$64,3,0) -> 49547977 | E10: =+VLOOKUP(B10,BCLCGT_06262!$B$19:$E$64,4,0) -> -1008712851
A11: (-) Tăng, (+) giảm các khoản phải thu khác | B11: 08 | D11: =+VLOOKUP(B11,BCLCGT_06262!$B$19:$E$64,3,0) -> 0 | E11: =+VLOOKUP(B11,BCLCGT_06262!$B$19:$E$64,4,0) -> 0
A12: (+) Tăng, (-) giảm vay ngắn hạn | B12: 09 | D12: =+VLOOKUP(B12,BCLCGT_06262!$B$19:$E$64,3,0) -> 0 | E12: =+VLOOKUP(B12,BCLCGT_06262!$B$19:$E$64,4,0) -> 0
A13: (+) Tăng, (-) giảm phải trả cho người bán | B13: 10 | D13: =+VLOOKUP(B13,BCLCGT_06262!$B$19:$E$64,3,0) -> 0 | E13: =+VLOOKUP(B13,BCLCGT_06262!$B$19:$E$64,4,0) -> 0
A14: (+) Tăng, (-) giảm phải trả các Đại lý phân phối Chứng chỉ quỹ | B14: 11 | D14: =+VLOOKUP(B14,BCLCGT_06262!$B$19:$E$64,3,0) -> 74194 | E14: =+VLOOKUP(B14,BCLCGT_06262!$B$19:$E$64,4,0) -> 0
... A42: Khác | B42: 80 | D42: =+VLOOKUP(B42,BCLCGT_06262!$B$19:$E$64,3,0) -> 0 | E42: =+VLOOKUP(B42,BCLCGT_06262!$B$19:$E$64,4,0) -> 0

Sheet TAI SAN
A1: STT | B1: Nội dung | C1: Mã chỉ tiêu | D1: Kỳ báo cáo | E1: Kỳ trước | F1: %/cùng kỳ năm trước
A2: I | B2: Tài sản | C2: 2200
A3: I.1 | B3: Tiền và các khoản tương đương tiền | C3: 2201 | D3: =BCTaiSan_06027!D19 -> 7101751281 | E3: =BCTaiSan_06027!E19 -> 6994009457 | F3: =BCTaiSan_06027!F19 -> 110.97376
B4: Tiền | C4: 2202
A5: ... | B5: ... | C5: ... | F5: ...
B6: Tiền gửi ngân hàng | C6: 2203 | D6: =BCTaiSan_06027!D21 -> 401751281 | E6: =BCTaiSan_06027!E21 -> 294009457 | F6: =BCTaiSan_06027!F21 -> 28.707035
A7: ... | B7: Các khoản tương đương tiền | C7: 2204 | D7: =BCTaiSan_06027!D25 -> 6700000000 | E7: =BCTaiSan_06027!E25 -> 6700000000 | F7: =BCTaiSan_06027!F25 -> 134
A8: I.2 | B8: Các khoản đầu tư (kê chi tiết) | C8: 2205 | D8: =BCTaiSan_06027!D26 -> 46507785019 | E8: =BCTaiSan_06027!E26 -> 47376313275 | F8: =BCTaiSan_06027!F26 -> 99.946829
A9: ... | B9: ... | C9: ... | F9: ...
A11: I.3 | B11: Thu từ cho thuê bất động sản đầu tư (áp dụng đối với các quỹ được phép đầu tư bất động sản) | C11: 2220
A12: ... | B12: ... | C12: ... | F12: ...
A13: I.4 | B13: Cổ tức, trái tức được nhận | C13: 2206 | D13: =BCTaiSan_06027!D33 -> 422911193 | E13: =BCTaiSan_06027!E33 -> 472642732 | F13: =BCTaiSan_06027!F33 -> 86.591104
A14: ... | B14: ... | C14: ... | F14: ...
A16: I.5 | B16: Lãi được nhận | C16: 2207 | D16: =BCTaiSan_06027!D36 -> 550685 | E16: =BCTaiSan_06027!E36 -> 367123 | F16: =BCTaiSan_06027!F36 -> 160.7999
A17: ... | B17: ... | C17: ... | F17: ...
A19: I.6 | B19: Tiền bán bất động sản chờ thu (kê chi tiết - áp dụng đối với các quỹ được phép đầu tư bất động sản) | C19: 2221
A20: ... | B20: ... | C20: ... | F20: ...
A21: I.7 | B21: Tiền bán chứng khoán chờ thu (kê chi tiết) | C21: 2208 | D21: =BCTaiSan_06027!D39 -> 0 | E21: =BCTaiSan_06027!E39 -> 0 | F21: =BCTaiSan_06027!F39 -> 0
A22: ... | B22: ... | C22: ... | F22: ...
A24: I.8 | B24: Các khoản phải thu khác | C24: 2210 | D24: =BCTaiSan_06027!D40 -> 0 | E24: =BCTaiSan_06027!E40 -> 0 | F24: =BCTaiSan_06027!F40 -> 0
A25: ... | B25: ... | C25: ... | F25: ...
D26: =BCTaiSan_06027!D41 -> 0 | E26: =BCTaiSan_06027!E41 -> 0 | F26: =BCTaiSan_06027!F41 -> 0
A27: I.9 | B27: Các tài sản khác | C27: 2211
A28: ... | B28: ... | C28: ... | F28: ...
A30: I.10 | B30: Tổng tài sản | C30: 2212 | D30: =BCTaiSan_06027!D42 -> 54032998178 | E30: =BCTaiSan_06027!E42 -> 54843332587 | F30: =BCTaiSan_06027!F42 -> 101.14607
A31: II | B31: Nợ | C31: 2213
A32: II.1 | B32: Tiền phải thanh toán mua bất động sản (kê chi tiết) | C32: 2222
A33: ... | B33: ... | C33: ... | F33: ...
A34: II.2 | B34: Tiền phải thanh toán mua chứng khoán (kê chi tiết) | C34: 2214 | D34: =BCTaiSan_06027!D44 -> 0 | E34: =BCTaiSan_06027!E44 -> 0 | F34: =BCTaiSan_06027!F44 -> 0
A35: ... | B35: ... | C35: ... | F35: ...
A37: II.3 | B37: Các khoản phải trả khác | C37: 2215 | D37: =BCTaiSan_06027!D45 -> 135950494 | E37: =BCTaiSan_06027!E45 -> 229241880 | F37: =BCTaiSan_06027!F45 -> 106.92499
A38: ... | B38: ... | C38: ... | F38: ...
A40: II.4 | B40: Tổng nợ | C40: 2216 | D40: =BCTaiSan_06027!D66 -> 135950494 | E40: =BCTaiSan_06027!E66 -> 229241880 | F40: =BCTaiSan_06027!F66 -> 106.92499
B41: Tài sản ròng của Quỹ/Công ty đầu tư (I.10-II.4) | C41: 2217 | D41: =BCTaiSan_06027!D67 -> 53897047684 | E41: =BCTaiSan_06027!E67 -> 54614090707 | F41: =BCTaiSan_06027!F67 -> 101.13229
B42: Tổng số chứng chỉ quỹ đang lưu hành | C42: 2218 | D42: =BCTaiSan_06027!D68 -> 4436507.6 | E42: =BCTaiSan_06027!E68 -> 4442780.2 | F42: =BCTaiSan_06027!F68 -> 100.02002
B43: Giá trị tài sản ròng trên một chứng chỉ quỹ/cổ phiếu | C43: 2219 | D43: =BCTaiSan_06027!D69 -> 12148.53 | E43: =BCTaiSan_06027!E69 -> 12292.77 | F43: =BCTaiSan_06027!F69 -> 101.11212

Sheet KHAC
A1: STT | B1: Chỉ tiêu | C1: Mã chỉ tiêu | D1: Kỳ báo cáo | E1: Kỳ trước
A2: I | B2: Các chỉ tiêu về hiệu quả hoạt động | C2: 2264
A3: 1 | B3: Tỷ lệ giá dịch vụ quản lý trả cho công ty quản lý quỹ/Giá trị tài sản ròng trung bình trong kỳ (%) | C3: 2265 | D3: =Khac_06030!D19 -> 0.009363688 | E3: =Khac_06030!E19 -> 0.0096910394
A4: 2 | B4: Tỷ lệ giá dịch vụ lưu ký, giám sát trả cho ngân hàng giám sát/Giá trị tài sản ròng trung bình trong kỳ (%) | C4: 2266 | D4: =Khac_06030!D20 -> 0.0045858986 | E4: =Khac_06030!E20 -> 0.0046248305
A5: 3 | B5: Tỷ tệ chi phí dịch vụ quản trị quỹ và các chi phí khác mà công ty quản lý quỹ trả cho tổ chức cung cấp dịch vụ có liên quan/Giá trị tài sản ròng trung bình trong kỳ (%) (nếu có) | C5: 22661 | D5: =Khac_06030!D21 -> 0.0065835119 | E5: =Khac_06030!E21 -> 0.0066091412
A6: 4 | B6: Chi phí kiểm toán trả cho tổ chức kiểm toán (nếu phát sinh)/Giá trị tài sản ròng trung bình trong kỳ (%) | C6: 2267 | D6: =Khac_06030!D22 -> 0.0025579792 | E6: =Khac_06030!E22 -> 0.002653535
A7: 5 | B7: Chi phí trả cho tổ chức quản lý bất động sản/ Giá trị tài sản ròng trung bình trong kỳ (%) | C7: 2286
A8: 6 | B8: Chi phí trả cho doanh nghiệp thẩm định giá bất động sản/Giá trị tài sản ròng trung bình trong kỳ (%) | C8: 2287
A9: 7 | B9: Chi phí dịch tư vấn pháp lý, dịch vụ báo giá và các dịch vụ hợp lý khác, thù lao trả cho Ban đại diện quỹ (Hội đồng quản trị)/Giá trị tài sản ròng trung bình trong kỳ (%) | C9: 2268 | D9: =Khac_06030!D23 -> 0.0012288081 | E9: =Khac_06030!E23 -> 0.0012607037
A10: 8 | B10: Tỷ lệ chi phí/Giá trị tài sản ròng trung bình trong kỳ (%) | C10: 2269 | D10: =Khac_06030!D24 -> 0.024330858 | E10: =Khac_06030!E24 -> 0.025089628
A11: 9 | B11: Tốc độ vòng quay danh mục trong kỳ (%) | C11: 2270 | D11: =Khac_06030!D25 -> 0 | E11: =Khac_06030!E25 -> 0.53393111
A12: 10 | B12: Tỷ lệ thu nhập (tính cả thu nhập từ lãi, cổ tức, trái tức, chênh lệch giá)/Giá trị tài sản ròng (áp dụng đối với quỹ thành viên, quỹ đóng, công ty đầu tư chứng khoán) | C12: 2287
A13: II | B13: Các chỉ tiêu khác | C13: 2272
A14: 1 | B14: Quy mô quỹ/công ty đầu kỳ | C14: 2273 | D14: =Khac_06030!D27 -> 4.4427802e+10 | E14: =Khac_06030!E27 -> 4.4438698e+10
B15: Tổng giá trị chứng chỉ quỹ/cổ phiếu đang lưu hành đầu kỳ | C15: 2274 | D15: =Khac_06030!D28 -> 4.4427802e+10 | E15: =Khac_06030!E28 -> 4.4438698e+10
B16: Tổng số lượng chứng chỉ quỹ/cổ phiếu đang lưu hành đầu kỳ | C16: 2275 | D16: =Khac_06030!D29 -> 4442780.2 | E16: =Khac_06030!E29 -> 4443869.8
A17: 2 | B17: Thay đổi quy mô trong kỳ | C17: 2276 | D17: =Khac_06030!D30 -> -62726200 | E17: =Khac_06030!E30 -> -10895900
B18: Số lượng chứng chỉ quỹ/ cổ phiếu phát hành thêm trong kỳ | C18: 2277 | D18: =Khac_06030!D33 -> 9531.75 | E18: =Khac_06030!E33 -> 11011.7
B19: Giá trị vốn thực huy động thêm trong kỳ | C19: 2278 | D19: =Khac_06030!D34 -> 95317500 | E19: =Khac_06030!E34 -> 110117000
B20: Số lượng chứng chỉ quỹ mua lại trong kỳ | C20: 22781 | D20: =Khac_06030!D35 -> -15804.37 | E20: =Khac_06030!E35 -> -12101.29
B21: Giá trị vốn thực thanh toán trong kỳ | C21: 22782 | D21: =Khac_06030!D36 -> -158043700 | E21: =Khac_06030!E36 -> -1.210129e+08
A22: 3 | B22: Quy mô quỹ/công ty cuối kỳ | C22: 2279 | D22: =Khac_06030!D37 -> 4.4365076e+10 | E22: =Khac_06030!E37 -> 4.4427802e+10
B23: Tổng giá trị thị trường của quỹ/công ty đang lưu hành cuối kỳ | C23: 2280 | D23: =Khac_06030!D38 -> 4.4365076e+10 | E23: =Khac_06030!E38 -> 4.4427802e+10
B24: Tổng số lượng chứng chỉ quỹ/cổ phiếu đang lưu hành cuối kỳ | C24: 2281 | D24: =Khac_06030!D39 -> 4436507.6 | E24: =Khac_06030!E39 -> 4442780.2
A25: 4 | B25: Tỷ lệ nắm giữ chứng chỉ quỹ/cổ phiếu của công ty quản lý quỹ và người có liên quan cuối kỳ | C25: 2282 | D25: =Khac_06030!D40 -> 1.32627e-05 | E25: =Khac_06030!E40 -> 1.32439e-05
A26: 5 | B26: Tỷ lệ nắm giữ chứng chỉ quỹ/cổ phiếu của 10 nhà đầu tư/cổ đông lớn nhất cuối kỳ | C26: 2283 | D26: =Khac_06030!D41 -> 0.93670958 | E26: =Khac_06030!E41 -> 0.93536218
A27: 6 | B27: Tỷ lệ nắm giữ chứng chỉ quỹ/cổ phiếu của nhà đầu tư/cổ đông nước ngoài cuối kỳ | C27: 2284 | D27: =Khac_06030!D42 -> 0 | E27: =Khac_06030!E42 -> 0
A28: 7 | B28: Số nhà đầu tư tham gia vào quỹ, kể cả giao dịch ký danh (áp dụng đối với quỹ mở) | C28: 22841 | D28: =Khac_06030!D44 -> 2014 | E28: =Khac_06030!E44 -> 2067
A29: 8 | B29: Giá trị tài sản ròng trên một chứng chỉ quỹ/cổ phiếu cuối kỳ | C29: 2285 | D29: =Khac_06030!D43 -> 12148.53 | E29: =Khac_06030!E43 -> 12292.77
A30: 9 | B30: Giá trị thị trường trên một chứng chỉ quỹ/cổ phiếu cuối kỳ (áp dụng đối với quỹ niêm yết) | C30: 2288

Sheet HOAT DONG
A1: STT | B1: Chỉ tiêu | C1: Mã chỉ tiêu | D1: Kỳ báo cáo | E1: Kỳ trước | F1: Lũy kế từ đầu năm
A2: I | B2: Thu nhập từ hoạt động đầu tư | C2: 2220 | D2: =BCKetQuaHoatDong_06028!D18 -> 337744191 | E2: =BCKetQuaHoatDong_06028!E18 -> 464747759 | F2: =BCKetQuaHoatDong_06028!F18 -> 3371331499
A3: 1 | B3: Thu từ bất động sản cho thuê (áp dụng đối với các quỹ được phép đầu tư bất động sản) | C3: 2223
A4: ... | B4: ... | C4: ...
A5: 2 | B5: Cổ tức, trái tức được nhận | C5: 2221 | D5: =BCKetQuaHoatDong_06028!D19 -> 334946294 | E5: =BCKetQuaHoatDong_06028!E19 -> 463418123 | F5: =BCKetQuaHoatDong_06028!F19 -> 3348066789
A6: ... | B6: ... | C6: ...
A7: 3 | B7: Lãi được nhận | C7: 2222 | D7: =BCKetQuaHoatDong_06028!D22 -> 2797897 | E7: =BCKetQuaHoatDong_06028!E22 -> 1329636 | F7: =BCKetQuaHoatDong_06028!F22 -> 23264710
A8: ... | B8: ... | C8: ...
A9: 4 | B9: Các khoản thu nhập khác | C9: 2223 | D9: =BCKetQuaHoatDong_06028!D23 -> 0 | E9: =BCKetQuaHoatDong_06028!E23 -> 0 | F9: =BCKetQuaHoatDong_06028!F23 -> 0
A10: ... | B10: ... | C10: ...
A11: II | B11: Chi phí | C11: 2224 | D11: =BCKetQuaHoatDong_06028!D24 -> 109763072 | E11: =BCKetQuaHoatDong_06028!E24 -> 112747168 | F11: =BCKetQuaHoatDong_06028!F24 -> 1001723826
A12: 1 | B12: Chi phí quản lý trả cho công ty quản lý quỹ | C12: 2225 | D12: =BCKetQuaHoatDong_06028!D25 -> 42242125 | E12: =BCKetQuaHoatDong_06028!E25 -> 43549360 | F12: =BCKetQuaHoatDong_06028!F25 -> 386711953
A13: ... | B13: ... | C13: ...
A14: 2 | B14: Chi phí lưu ký, giám sát trả cho ngân hàng giám sát | C14: 2226 | D14: =BCKetQuaHoatDong_06028!D26 -> 20688227 | E14: =BCKetQuaHoatDong_06028!E26 -> 20782952 | F14: =BCKetQuaHoatDong_06028!F26 -> 186724152
A15: ... | B15: ... | C15: ...
A17: 3 | B17: Chi phí quản trị quỹ và các chi phí khác mà công ty quản lý quỹ trả cho tổ chức cung cấp dịch vụ có liên quan (nếu có) | C17: 2227 | D17: =BCKetQuaHoatDong_06028!D31 -> 29700000 | E17: =BCKetQuaHoatDong_06028!E31 -> 29700000 | F17: =BCKetQuaHoatDong_06028!F31 -> 267300000
A18: ... | B18: ... | C18: ...
A20: 4 | B20: Chi phí dịch vụ quản lý bất động sản (áp dụng đối với các quỹ được phép đầu tư bất động sản) | C20: 2231
A21: ... | B21: ... | C21: ...
A22: 5 | B22: Chi phí dịch vụ định giá bất động sản (áp dụng đối với các quỹ được phép đầu tư bất động sản) | C22: 2232
A23: ... | B23: ... | C23: ...
A24: 6 | B24: Chi phí kiểm toán trả cho tổ chức kiểm toán; | C24: 2228 | D24: =BCKetQuaHoatDong_06028!D34 -> 11539735 | E24: =BCKetQuaHoatDong_06028!E34 -> 11924392 | F24: =BCKetQuaHoatDong_06028!F34 -> 105011586
A25: ... | B25: ... | C25: ...
A26: 7 | B26: Chi phí dịch vụ tư vấn pháp lý, dịch vụ báo giá và các dịch vụ hợp lý khác, thù lao trả cho Ban đại diện quỹ/Hội đồng quản trị | C26: 2229 | D26: =BCKetQuaHoatDong_06028!D35 -> 5543485 | E26: =BCKetQuaHoatDong_06028!E35 -> 5665320 | F26: =BCKetQuaHoatDong_06028!F35 -> 51000012
A27: ... | B27: ... | C27: ...
A29: 8 | B29: Chi phí dự thảo, in ấn, gửi Bản cáo bạch, Bản cáo bạch tóm tắt, báo cáo tài chính, xác nhận giao dịch, sao kê tài khoản và các tài liệu khác cho nhà đầu tư; chi phí công bố thông tin của quỹ; chi phí tổ chức họp Đại hội nhà đầu tư/Đại hội đồng cổ đông, Ban đại diện quỹ/Hội đồng quản trị | C29: 2230 | D29: =BCKetQuaHoatDong_06028!D38 -> 0 | E29: =BCKetQuaHoatDong_06028!E38 -> 0 | F29: =BCKetQuaHoatDong_06028!F38 -> 0
A30: ... | B30: ... | C30: ...
A32: 9 | B32: Chi phí liên quan đến thực hiện các giao dịch tài sản của quỹ/công ty | C32: 2231 | D32: =BCKetQuaHoatDong_06028!D44 -> 0 | E32: =BCKetQuaHoatDong_06028!E44 -> 965644 | F32: =BCKetQuaHoatDong_06028!F44 -> 3362863
A33: ... | B33: ... | C33: ...
A35: 10 | B35: Các loại chi phí khác (nêu chi tiết) | C35: 2232 | D35: =BCKetQuaHoatDong_06028!D48 -> 49500 | E35: =BCKetQuaHoatDong_06028!E48 -> 159500 | F35: =BCKetQuaHoatDong_06028!F48 -> 1613260
A36: ... | B36: ... | C36: ...
A38: III | B38: Thu nhập ròng từ hoạt động đầu tư (I-II) | C38: 2233 | D38: =BCKetQuaHoatDong_06028!D55 -> 227981119 | E38: =BCKetQuaHoatDong_06028!E55 -> 352000591 | F38: =BCKetQuaHoatDong_06028!F55 -> 2369607673
A39: IV | B39: Lãi (lỗ) từ hoạt động đầu tư | C39: 2234 | D39: =BCKetQuaHoatDong_06028!D56 -> -868528256 | E39: =BCKetQuaHoatDong_06028!E56 -> 832842525 | F39: =BCKetQuaHoatDong_06028!F56 -> -2822605496
A40: 1 | B40: Lãi (lỗ) thực tế phát sinh từ hoạt động đầu tư hoặc chuyển nhượng bất động sản | C40: 2235 | D40: =BCKetQuaHoatDong_06028!D57 -> 0 | E40: =BCKetQuaHoatDong_06028!E57 -> -1266423 | F40: =BCKetQuaHoatDong_06028!F57 -> 176139983
A41: 2 | B41: Thay đổi về giá trị của các khoản đầu tư trong kỳ | C41: 2236 | D41: =BCKetQuaHoatDong_06028!D58 -> -868528256 | E41: =BCKetQuaHoatDong_06028!E58 -> 834108948 | F41: =BCKetQuaHoatDong_06028!F58 -> -2998745479
A42: V | B42: Thay đổi của giá trị tài sản ròng do các hoạt động đầu tư trong kỳ (III + IV) | C42: 2237 | D42: =BCKetQuaHoatDong_06028!D59 -> -640547137 | E42: =BCKetQuaHoatDong_06028!E59 -> 1184843116 | F42: =BCKetQuaHoatDong_06028!F59 -> -452997823
A43: VI | B43: Giá trị tài sản ròng đầu kỳ | C43: 2238 | D43: =BCKetQuaHoatDong_06028!D60 -> 54614090707 | E43: =BCKetQuaHoatDong_06028!E60 -> 53442387764 | F43: =BCKetQuaHoatDong_06028!F60 -> 54420676090
A44: VII | B44: Thay đổi giá trị tài sản ròng của Quỹ/Công ty trong kỳ, trong đó: | C44: 2239 | D44: =BCKetQuaHoatDong_06028!D61 -> -717043023 | E44: =BCKetQuaHoatDong_06028!E61 -> 1171702943 | F44: =BCKetQuaHoatDong_06028!F61 -> -523628406
A45: 1 | B45: Thay đổi giá trị tài sản ròng của Quỹ/Công ty đầu tư chứng khoán do các hoạt động đầu tư trong kỳ | C45: 2239.1 | D45: =BCKetQuaHoatDong_06028!D63 -> -640547137 | E45: =BCKetQuaHoatDong_06028!E63 -> 1184843116 | F45: =BCKetQuaHoatDong_06028!F63 -> -452997823
A46: 2 | B46: Thay đổi giá trị tài sản ròng do việc chi trả lợi tức/cổ tức cho các nhà đầu tư/cổ đông trong kỳ | C46: 2239.2 | D46: =BCKetQuaHoatDong_06028!D64 -> 0 | E46: =BCKetQuaHoatDong_06028!E64 -> 0 | F46: =BCKetQuaHoatDong_06028!F64 -> 0
A47: 3 | B47: Thay đổi giá trị tài sản ròng do phát hành thêm/mua lại chứng chỉ quỹ | C47: 2239.3 | D47: =BCKetQuaHoatDong_06028!D65 -> -76495886 | E47: =BCKetQuaHoatDong_06028!E65 -> -13140173 | F47: =BCKetQuaHoatDong_06028!F65 -> -70630583
A48: VIII | B48: Giá trị tài sản ròng cuối kỳ | C48: 2243 | D48: =BCKetQuaHoatDong_06028!D68 -> 53897047684 | E48: =BCKetQuaHoatDong_06028!E68 -> 54614090707 | F48: =BCKetQuaHoatDong_06028!F68 -> 53897047684
A49: IX | B49: Lợi nhuận bình quân năm (chỉ áp dụng đối với báo cáo năm) | C49: 2244
B50: Tỷ suất lợi nhuận bình quân năm (chỉ áp dụng đối với báo cáo năm) | C50: 2245
